Workbook
Name CL: 'C'!$A$2:$A$239
Name Gold: K!$B$2:$B$191
Name LT: L!$A$1:$Z$1000
Name Metal: 'Smelter List'!$R$3:$U$3
Name S_E1: 'Standard Smelter Names'!$E$1
Name S_M: 'Standard Smelter Names'!$M:$M
Name SL: Declaration!$D$3
Name Tantalum: K!$B$192:$B$236
Name Tin: K!$B$237:$B$345
Name Tungsten: K!$B$346:$B$430

Sheet Revision
B2: DOCUMENT TITLE
B3: Conflict Minerals Reporting Template
B4: SHEET
B5: 1 of 8
B9: REVISION HISTORY
B10: A change in the first digit of the revision number (e.g., 1.0 to 2.0) signifies a set of major improvements have occurred which will likely include different data reporting requirements. Changes to the first or second decimal place (e.g., “2.01” to “2.02”) indicate only minor changes have been made to the template which are not expected to result in substantial changes to the data being reported. The addition of a letter (e.g., “a”, or “b”, or “c”) following the revision number indicate that only the standard smelter list has been updated from the prior version.
B12: REVISION | C12: ORIGINATOR | D12: RELEASE DATE | E12: DESCRIPTION OF FUNCTIONAL CHANGE | F12: UPDATES TO SMELTER LIST
B13: 1 | C13: Jared Connors, Intel | D13: July 19th, 2011 | E13: New Release
B14: 2 | C14: Jared Connors, Intel | D14: Aug 29th, 2012 | E14: Major update to functionality including: addition of the known smelter list, addition of declaration scope including product tab, and added and modified multiple questions and / or their responses. | F14: New.
B15: 2.01 | C15: Jared Connors, Intel | D15: Dec 21st 2012 | E15: List of changes to the template functionality: 1. Modified Smelter List tab to prevent smelter rows from wrapping text. This was being caused by the hidden formula in column A which allows for a software vendor to easily grab the smelter IDs. 2. Changed protection settings on the Smelter List tab to allow users to delete rows. This allows users to delete rows with incorrect entries within the smelter tab. Ensured that columns could not be mistakenly deleted in the process. | F15: 1. Added “CV DS Jaya Abadi” an alias to “PT Stanindo Inti Perkasa” 2. Added “Mentok” as an alias to “PT Tambang Timah” 3. Corrected spelling of "Duoluoshan" id # 3CHN001 4. Corrected spelling of "Mitsubishi Materials Corporation" id # 1JPN039 5. Changed “Gejiu Non-ferrous” to its proper name “Geiju Non-Ferrous Metal Processing Co. Ltd.” 6. Changed “Mitsubishi Material” to its proper name “Mitsubishi Materials Corporation” 7. Changed “Niotan” to “Kemet Blue Powder” 8. Added “Nihon Material Co. LTD” as a gold refiner 9. Added “Aida Chemical Industries Co. Ltd.” as a gold refiner 10. Added “Asaka Riken Co Ltd” as a gold refiner
F16: 11. Added “Kojima Chemical” as a gold refiner 12. Added “Sabin” as a gold refiner 13. Added “United Precious Metal Refining Inc.” as a gold refiner 14. Added “Yokohama Metal Co Ltd” as a gold refiner 15. Added “CNMC (Guangxi) PGMA Co., Ltd.” as a tin refiner 16. Added “Conghua Tantalum and Niobium Smeltry” as a tantalum refiner 17. Removed “Tantalite Resources” as a refinery 18. Added “Minmetals Ganzhou Tin Co. Ltd.” as a tin refinery 19. Updated “ATI Metalworking Products” to its proper full name “ATI Tungsten Materials” 20. Updated “China Minmetals Corp.” to its proper full name “China Minmetals Nonferrous Metals Co Ltd”
F17: 21. Removed “Ganzhou Huaxing Tungsten” as a smelter 22. Removed “Ganzhou Nonferrous Metals Smelting Co Ltd.” as a smelter 23. Removed “Sichuan Metals & Materials Imp & Exp Co as a tungsten smelter 24. Added “Ganzhou Grand Sea W & Mo Group Co., Ltd.” as a tungsten smelter 25. Added “Hunan Chenzhou Mining Group Co” as a tungsten smelter 26. Added “Japan New Metals Co Ltd” as a tungsten smelter 27. Added “Zhuzhou Cemented Carbide Group Co Ltd” as a tungsten smelter
B18: 2.02 | C18: Jared Connors, Intel | D18: March 29th 2013 | E18: 1. Added new selection to the metals dropdown lists of smelter list tab “Smelter not yet identified” 2. Moved “smelter not listed” to the bottom of each metals dropdown list 3. Fixed error in Checker sheet to eliminate display of text “one or more smelters have been added to smelter list” when rows are deleted 4. Rewrite of T&Cs 5. Adding Italian translation 6. Allow for deletion of rows in Smelter List tab 7. Removed hover over text in column C of Smelter List tab 8. Inserted additional rows for data entry on the Smelter List tab up to 2,500 rows 9. Made smelter ID numbers visible in Smelter List tab 10. Made template revision history tab visible | F18: 1. Added the following aliases to Ohio Precious Metals “OPM Metals”, “USPM”, “United States Precious Metals” 2. Added “ALMT” as tungsten smelter 3. Added “Suzhou Xingrui Noble” as gold smelter 4. Added “Shangdong Zhaojin Group” as an alias of “Shandong Zhaojin Gold & Silver Refinery Co., Ltd” 5. Added “Shandong Zhaoyuan Gold Argentine refining company limited” as an alias of “Zhongyuan Gold Smelter of Zhongjin Gold Corporation” 6. Added “SEMPSA” as an alias for “SEMPSA Joyeria Plateria SA” 7. Added “Umicore Brazil Ltd” as an alias for “Umicore Brasil Ltda” 8. Added “Pan Pacific Copper Co., LTD.” as a gold smelter 9. Added “White Solder Metalurgia” as a tin smelter 10. Added “JiuJiang JinXin Nonferrous Metals Co. Ltd.” as a tantalum smelter
E19: 11. Removed language selection from individual tabs, all controlled on Declaration tab 12. Updated template to prevent users from adding tabs to the worksheet 13. Added statement at the top of the revision history tab clarifying purpose of .0x revision updates | F19: 11. Corrected spelling of “jiujiang Tanbre” to “JiuJiang Tambre Co. Ltd.” 12. Added Torecom as a gold smelter 15. Added “PT Tinindo Internusa” as alias of “PT Tinindo Inter Nusa” 16. Added “CV Jus Tindo” as alias of “CV JusTindo” 17. Added “PT Bellitin Makmur Lestari” and “BML” as alias of “PT BilliTin Makmur Lestari” 18. Added “Liuzhou China Tin Group Co., Ltd.” as alias of “Liuzhou China Tin” 19. Added “PT Timah (Persero) TBK” and “Banka Tin” as alias of “PT Tambang Timah” 20. Added “Yun Nan Tin Co.,LTD” as alias of “Yunnan Tin Company Limited”
F20: 21. Added “GEJIU ZILI MINING&SMELTING CO.,LTD.” as alias of “Gejiu Zi-Li” 22. Added “Jiangxi Tungsten Co Ltd” as alias of “Jiangxi Tungsten Industry Group Co Ltd” 23. Added “Linwu Xianggui” as a tin smelter 24. Added "IMLI" and “Indra Eramulti Logam” as aliases of “PT Bukit Timah” 25. Added “CV Gita Pesona” as tin smelter 26. Added “PT Tommy Utama” as tin smelter 27. Added “PT Bangka Tin Industry” as tin smelter 28. Added “PT DS Jaya Abadi” as tin smelter 29. Added “PT Panca Mega” as tin smelter 30. Added “PT Seirama Tin investment” as tin smelter
F21: 31. Added “PT Karimun Mining” as tin smelter 32. Added “Cooper Santa” as tin smelter 33. Added “Daejin Indus Co. Ltd” as gold smelter 34. Added “DaeryongENC” as gold smelter 35. Added “Do Sung Corporation” as gold smelter 36. Added “Hwasung CJ Co. Ltd” as gold smelter 37. Added “Korea Metal” as gold smelter 38. Added “SAMWON METALS Corp.” as gold smelter
B22: 2.03 | C22: Akimasa Yamakawa, JEITA / John Plyler, BlackBerry | D22: July 12th 2013 | E22: 1. Resolved Excel 2003 incompatibility with programming for multiple languages. 2. Minor corrections to row number references in the instructions. 3. Added translation on checker sheet for the Column Name “Hyperlink to Source” 4. Corrected Japanese translation of "authorized representative" and "representative" on Declaration worksheet. 5. Adjusted row spacing of misc cells to allow for different lengths of translated text and comments. 6. Removed the symbols for the metals on the standard smelter list (e.g., "Sn"). 7. Deleted text "If no for all metals, you are done with this survey." from question 1 on the Declaration worksheet. | F22: 1. Added “Fujian Jinxin Tungsten Co., Ltd.” as tungsten refiner 2. Added “Dayu Weiliang Tungsten Co., Ltd.” as tungsten refiner 3. Added “Xinhai Rendan Shaoguan Tungsten Co., Ltd.” as tungsten refiner 4. Added “Hunan Chun-Chang Nonferrous Smelting & Concentrating Co., Ltd.” as tungsten refiner 5. Added “Jiangxi Minmetals Gao'an Non-ferrous Metals Co., Ltd.” as tungsten refiner 6. Corrected the spelling of "Allydne" to "Alldyne" 7. Corrected the spelling of "Allydne Powder Technologies" to "Alldyne Powder Technologies" 8. Corrected the spelling of "Korea Metal" to "Korea Metal Co. Ltd" 9. Added "LMS Brasil S.A." as tantalum smelter 10. Added "QuantumClean" as tantalum smelter
F23: 11. Added "Taki Chemicals" as tantalum smelter 12. Added "Tantalite Resources" as tantalum smelter 13. Corrected naming inconsistency of “Ohio Precious Metals LLC.” on standard smelter list and alias table. 14. Corrected naming inconsistency of “The Refinery of Shandong Gold Mining Co., Ltd” on standard smelter list and alias table. 15. Added "Molycorp Silmet" as tantalum smelter 16. Added "King-Tan Tantalum Industry Ltd" as tantalum smelter 17. Added "CooperMetal" as an alias of "Coopersanta" 18. Corrected the spelling of "Malaysia Smelting Corp" to "Malaysia Smelting Corporation (MSC)" 19. Corrected the spelling of "Asahi Pretec Corp" to "Asahi Pretec Corporation" 20. Corrected the spelling of "United Precious Metal Refining Inc." to “United Precious Metal Refining, Inc.”
F24: 21. Added "Fenix Metals" as tin smelter 22. Changed alias “Bangka Tin” from “PT Tambang Timah” to “PT Timah” 23. Added “Ketapang” as an alias of “PT Bangka Putra Karya” 24. Corrected the Smelter ID of Cooper Santa from “2IDN063” to “2BRA063” 25. Added "Kundur" as an alias of “PT Tambang Timah” 26. Added “TT” as an alias of “PT Tambang Timah” 27. Added "CooperMetal" as an alias of "Coopersanta" 28. Corrected spelling of “CV Prima Timah Utama” to “PT Prima Timah Utama”.
B25: 2.03a | C25: John Plyler, BlackBerry | D25: July 25th 2013 | F25: 1. Corrected the spelling of "ALMT" to "A.L.M.T. Corp." 2. Added "A.L.M.T. Tungsten Corp", "Allied Material Corp", and "ALMT" as aliases of "A.L.M.T. Corp." 3. Corrected country of "A.L.M.T. Corp." to "Japan" and smelter ID to "4JPN020" 4. Changed alias "Wolfram" for "Wolfram Company CJSC" to "Wolfram [Russia]" 5. Added "Wolfram [Austria]" as an alias of "Wolfram Bergbau und Hütten AG" 6. Added "Kennametal Inc." as a tungsten refiner 7. Added "Kennametal" as an alias of "Kennametal Inc."
B28: 2011 Electronic Industry Citizenship Coalition, Incorporated and Global e-Sustainability Initiative. All rights reserved.

Sheet Instructions
A1: =HLOOKUP(SL,LT,MATCH("Instructions"&"A"&ROW(),L!$A:$A,0),0) -> EICC Extractives website: (www.eicc.info/extractives.htm) training, request template, FAQs, Conflict-Free Smelters (CFS) list
A2: =HLOOKUP(SL,LT,MATCH("Instructions"&"A"&ROW(),L!$A:$A,0),0) -> Introduction
A3: =HLOOKUP(SL,LT,MATCH("Instructions"&"A"&ROW(),L!$A:$A,0),0) -> This EICC-GeSI Conflict Minerals Reporting Template (the Template) was created by the Electronic Industry Citizenship Coalition® (EICC®) and the Global e-Sustainability Initiative (GeSI) as a common means for the collection of sourcing information related to “Conflict Minerals”. Companies in the electronics and all other industries may adopt this Template as an element of their due diligence program to verify the responsible sourcing of materials and to support compliance to new legislation*. This Template is consistent with EICC and GeSI’s related activities including the Conflict Free Smelter (CFS) Program**.
A4: =HLOOKUP(SL,LT,MATCH("Instructions"&"A"&ROW(),L!$A:$A,0),0) -> * In 2010, the U.S. Dodd-Frank Act was passed concerning “Conflict Minerals” originating from the Democratic Republic of the Congo (DRC) or adjoining countries. The SEC has published final rules associated with the disclosure of the source of Conflict Minerals by U.S. publicly traded companies (see the rules at http://www.sec.gov/rules/final/2012/34-67716.pdf). The rules reference the OECD Due Diligence Guidance for Responsible Supply Chains of Minerals from Conflict-Affected and High-Risk Areas, (http://www.oecd.org/dataoecd/62/30/46740847.pdf), which guides suppliers to establish policies, due diligence frameworks, and management systems. ** See information on the Conflict-Free Smelter (CFS) Program (www.conflictfreesmelter.org/) and other information (www.eicc.info/extractives.htm).
A6: =HLOOKUP(SL,LT,MATCH("Instructions"&"A"&ROW(),L!$A:$A,0),0) -> Instructions for completing Company Information questions (rows 8 - 18). Provide comments in ENGLISH only
A7: =HLOOKUP(SL,LT,MATCH("Instructions"&"A"&ROW(),L!$A:$A,0),0) -> Note: Entries with (*) are mandatory fields.
A8: =HLOOKUP(SL,LT,MATCH("Instructions"&"A"&ROW(),L!$A:$A,0),0) -> 1. Insert your company's Legal Name. Please do not use abbreviations
A9: =HLOOKUP(SL,LT,MATCH("Instructions"&"A"&ROW(),L!$A:$A,0),0) -> 2. Select your company’s Declaration Scope. For Scope selections of “Division” or “Category of Products”, provide additional details describing company division or plant, or specific category of product(s) for which this Template is being completed in the “Description of Scope” field. For Scope selection of Product(s) a link to the worksheet tab for Product List will be displayed.
A10: =HLOOKUP(SL,LT,MATCH("Instructions"&"A"&ROW(),L!$A:$A,0),0) -> 3. Insert your company’s unique identifier number or code (DUNS number, VAT number, etc)
A11: =HLOOKUP(SL,LT,MATCH("Instructions"&"A"&ROW(),L!$A:$A,0),0) -> 4. Insert your full company address (street, city, state, country, postal code)
A12: =HLOOKUP(SL,LT,MATCH("Instructions"&"A"&ROW(),L!$A:$A,0),0) -> 5. Please identify the authorized management representative responsible for the accuracy of the data in this template.
A13: =HLOOKUP(SL,LT,MATCH("Instructions"&"A"&ROW(),L!$A:$A,0),0) -> 7. Please enter the Date of Completion for this form using the format DD-MMM-YYYY
... A65: =HLOOKUP(SL,LT,MATCH("Instructions"&"A"&ROW(),L!$A:$A,0),0) -> © 2011 Electronic Industry Citizenship Coalition, Incorporated and Global e-Sustainability Initiative. All rights reserved.
A66: Return to declaration tab
A67: Revision 2.03a July 25th 2013

Sheet Definitions
B2: =HLOOKUP(SL,LT,MATCH("Definitions"&"B"&ROW(),L!$A:$A,0),0) -> ITEM | C2: =HLOOKUP(SL,LT,MATCH("Definitions"&"C"&ROW(),L!$A:$A,0),0) -> DEFINITION
B3: =HLOOKUP(SL,LT,MATCH("Definitions"&"B"&ROW(),L!$A:$A,0),0) -> Adjoining Country | C3: =HLOOKUP(SL,LT,MATCH("Definitions"&"C"&ROW(),L!$A:$A,0),0) -> A country that shares an internationally recognized border with the Democratic Republic of Congo is considered an “adjoining country”.
B4: =HLOOKUP(SL,LT,MATCH("Definitions"&"B"&ROW(),L!$A:$A,0),0) -> CFS Compliant Smelter List | C4: =HLOOKUP(SL,LT,MATCH("Definitions"&"C"&ROW(),L!$A:$A,0),0) -> Conflict-Free Smelter Program Compliant Smelter List is a list of smelters which have been independently audited and determined to be compliant to a CFS protocol. The list and protocols can be found here: (http://www.conflictfreesmelter.org/)
B5: =HLOOKUP(SL,LT,MATCH("Definitions"&"B"&ROW(),L!$A:$A,0),0) -> CFS Program | C5: =HLOOKUP(SL,LT,MATCH("Definitions"&"C"&ROW(),L!$A:$A,0),0) -> The Conflict-Free Smelter (CFS) Program is a program developed by EICC and GeSI to enhance company capability to verify the responsible sourcing of metals. Further details of the CFS Program can be found here: (http://www.conflictfreesmelter.org/)
B6: =HLOOKUP(SL,LT,MATCH("Definitions"&"B"&ROW(),L!$A:$A,0),0) -> Conflict Mineral | C6: =HLOOKUP(SL,LT,MATCH("Definitions"&"C"&ROW(),L!$A:$A,0),0) -> As defined in 2010 United States legislation, Dodd-Frank Wall Street Reform and Consumer Protection Act, Section 1502(e)(4): CONFLICT MINERAL.—The term ‘‘conflict mineral’’ means— (A) columbite-tantalite (coltan), cassiterite, gold, wolframite, or their derivatives; or (B) any other mineral or its derivatives determined by the Secretary of State to be financing conflict in the Democratic Republic of the Congo or an adjoining country. (available at http://www.sec.gov/about/laws/wallstreetreform-cpa.pdf)
B7: =HLOOKUP(SL,LT,MATCH("Definitions"&"B"&ROW(),L!$A:$A,0),0) -> Declaration Scope | C7: =HLOOKUP(SL,LT,MATCH("Definitions"&"C"&ROW(),L!$A:$A,0),0) -> For purposes of this template, the Scope describes the applicability of the information provided by the reporting company. The scope may encompass the entirety of a company’s services and/or products, or at a company’s discretion, the template may be used to address the company’s specific Division, Category of Products, or Product(s).
B8: =HLOOKUP(SL,LT,MATCH("Definitions"&"B"&ROW(),L!$A:$A,0),0) -> Division | C8: =HLOOKUP(SL,LT,MATCH("Definitions"&"C"&ROW(),L!$A:$A,0),0) -> A division is a defined unit of a business which performs a specific service or produces a specific category of products.
B9: =HLOOKUP(SL,LT,MATCH("Definitions"&"B"&ROW(),L!$A:$A,0),0) -> Dodd-Frank | C9: =HLOOKUP(SL,LT,MATCH("Definitions"&"C"&ROW(),L!$A:$A,0),0) -> 2010 United States legislation, Dodd-Frank Wall Street Reform and Consumer Protection Act, Section 1502 (“Dodd-Frank”) (http://www.sec.gov/about/laws/wallstreetreform-cpa.pdf)
B10: =HLOOKUP(SL,LT,MATCH("Definitions"&"B"&ROW(),L!$A:$A,0),0) -> DRC | C10: =HLOOKUP(SL,LT,MATCH("Definitions"&"C"&ROW(),L!$A:$A,0),0) -> Democratic Republic of Congo
B11: =HLOOKUP(SL,LT,MATCH("Definitions"&"B"&ROW(),L!$A:$A,0),0) -> DRC Conflict-Free | C11: =HLOOKUP(SL,LT,MATCH("Definitions"&"C"&ROW(),L!$A:$A,0),0) -> Is defined to mean the products that do not contain minerals that directly or indirectly finance or benefit armed groups in the Democratic Republic of the Congo or an adjoining country. Source: 2010 United States legislation, Dodd-Frank Wall Street Reform and Consumer Protection Act, Section 1502 (http://www.sec.gov/about/laws/wallstreetreform-cpa.pdf)
B12: =HLOOKUP(SL,LT,MATCH("Definitions"&"B"&ROW(),L!$A:$A,0),0) -> EICC | C12: =HLOOKUP(SL,LT,MATCH("Definitions"&"C"&ROW(),L!$A:$A,0),0) -> Electronics Industry Citizenship Coalition (www.eicc.info)
B13: =HLOOKUP(SL,LT,MATCH("Definitions"&"B"&ROW(),L!$A:$A,0),0) -> GeSI | C13: =HLOOKUP(SL,LT,MATCH("Definitions"&"C"&ROW(),L!$A:$A,0),0) -> Global e-Sustainability Initiative (www.gesi.org)
... B23: =HLOOKUP(SL,LT,MATCH("Definitions"&"B"&ROW(),L!$A:$A,0),0) -> Tungsten Smelter | C23: =HLOOKUP(SL,LT,MATCH("Definitions"&"C"&ROW(),L!$A:$A,0),0) -> A tungsten (W) refiner is defined as a company converting W ore (wolframite and scheelite), W concentrates, or W-bearing secondary material for conversion to tungsten containing intermediates such as Ammonium Para-Tungstate (APT), Ammonium Meta-Tungstate (AMT), ferrotungsten, and tungsten oxides. APT production is the typical identifying capability of a tungsten smelter.
B24: =HLOOKUP(SL,LT,MATCH("Definitions"&"B"&ROW(),L!$A:$A,0),0) -> © 2011 Electronic Industry Citizenship Coalition, Incorporated and Global e-Sustainability Initiative. All rights reserved.

Sheet Declaration
D2: =HLOOKUP(SL,LT,MATCH("Declaration"&"d"&ROW(),L!$A:$A,0),0) -> Conflict Minerals Reporting Template
B3: Select Language Preference Here: 请选择你的语言: 사용할 언어를 선택하시오 : 表示言語をここから選択してください: Sélectionner la langue préférée ici: Selecione Preferência de idioma Aqui: Wählen sie hier die Sprache: Seleccione el lenguaje de preferencia aqui: Selezionare la lingua di preferenza qui: | D3: English | F3: =IF(D8="","","Click here to check required fields completion") -> Click here to check required fields completion | I3: =IF(AND(Checker!D2<>40,Checker!D2>0),"1 or more required fields need to be populated","") | J3: Revision 2.03a July 25th, 2013 | P3: English | Q3: 中文 Chinese | R3: 日本語 Japanese | S3: 한국어 Korean | T3: Français | U3: Português | V3: Deutsch | W3: Español | X3: italiano
B4: =HLOOKUP(SL,LT,MATCH("Declaration"&"b"&ROW(),L!$A:$A,0),0) -> The purpose of this document is to collect sourcing information on tin, tantalum, tungsten and gold used in products | I4: Link to Terms & Conditions
B6: =HLOOKUP(SL,LT,MATCH("Declaration"&"b"&ROW(),L!$A:$A,0),0) -> Mandatory fields are noted with an asterisk (*). The information collected in this template should be updated annually. Any changes within the annual cycle should be provided to your customers
B7: =HLOOKUP(SL,LT,MATCH("Declaration"&"b"&ROW(),L!$A:$A,0),0) -> Company Information
B8: =HLOOKUP(SL,LT,MATCH("Declaration"&"b"&ROW(),L!$A:$A,0),0) -> Company Name (*): | D8: Sonetics Corporation
B9: =HLOOKUP(SL,LT,MATCH("Declaration"&"b"&ROW(),L!$A:$A,0),0) -> Declaration Scope (*): | D9: A. Company Level | P9: A. Company Level | Q9: B. Division Level [Specify in 'Description of scope'] | R9: C. Product Category Level [Specify in 'Description of scope'] | S9: D. Product Level
B10: =HLOOKUP(SL,LT,MATCH("Declaration"&"b"&ROW(),L!$A:$A,0),0) -> Description of Scope: | D10: All products under Sonetics , Firecom and Flightcombrands | P10: =IF(D9=Q9,1,0) -> 0
D11: =IF(P12>0,"Click here to enter the products this declaration applies to","") | P11: =IF(D9=R9,1,0) -> 0
B12: =HLOOKUP(SL,LT,MATCH("Declaration"&"b"&ROW(),L!$A:$A,0),0) -> Company Unique Identifier: | P12: =IF(D9=S9,2,0) -> 0
B13: =HLOOKUP(SL,LT,MATCH("Declaration"&"b"&ROW(),L!$A:$A,0),0) -> Address: | D13: 7340 SW Durham Rd. Portland, OR 97224 USA | P13: =SUM(P10:P12) -> 0
B14: =HLOOKUP(SL,LT,MATCH("Declaration"&"b"&ROW(),L!$A:$A,0),0) -> Authorized Company Representative Name (*): | D14: Michael Heade
B15: =HLOOKUP(SL,LT,MATCH("Declaration"&"b"&ROW(),L!$A:$A,0),0) -> Representative Title: | D15: Compliance Engineer
B16: =HLOOKUP(SL,LT,MATCH("Declaration"&"b"&ROW(),L!$A:$A,0),0) -> Representative Email (*): | D16: michael.heade@soneticscorp.com
B17: =HLOOKUP(SL,LT,MATCH("Declaration"&"b"&ROW(),L!$A:$A,0),0) -> Representative Phone: | D17: 1-503-684-7080
B18: =HLOOKUP(SL,LT,MATCH("Declaration"&"b"&ROW(),L!$A:$A,0),0) -> Date of Completion (*): | D18: 39815
B20: =HLOOKUP(SL,LT,MATCH("Declaration"&"b"&ROW(),L!$A:$A,0),0) -> Answer the following questions 1 - 6 based on the declaration scope indicated above
B21: =HLOOKUP(SL,LT,MATCH("Declaration"&"b"&ROW(),L!$A:$A,0),0) -> 1) Are any of the following metals necessary to the functionality or production of your company's products that it manufactures or contracts to manufacture? (*) | D21: =HLOOKUP(SL,LT,MATCH("Declaration"&"Ans",L!$A:$A,0),0) -> Answer | G21: =HLOOKUP(SL,LT,MATCH("Declaration"&"Cmt",L!$A:$A,0),0) -> Comments
B22: =HLOOKUP(SL,LT,MATCH("Declaration"&"Ta",L!$A:$A,0),0)&"(*)" -> Tantalum (*) | D22: No | G22: No SEC or customer reporting requirement exists for our products since we design and completely control manufacturing process. Sonetics is not a publicly traded company and does not have influence over the manufacture of sub-components. | P22: =IF(D22="Yes",1,0) -> 0 | Q22: =IF(D22="No",1,0) -> 1
B23: =HLOOKUP(SL,LT,MATCH("Declaration"&"Sn",L!$A:$A,0),0)&"(*)" -> Tin (*) | D23: Yes | G23: No SEC or customer reporting requirement exists for our products since we design and completely control manufacturing process. Sonetics is not a publicly traded company and does not have influence over the manufacture of sub-components. | P23: =IF(D23="Yes",1,0) -> 1 | Q23: =IF(D23="No",1,0) -> 0
B24: =HLOOKUP(SL,LT,MATCH("Declaration"&"Au",L!$A:$A,0),0)&"(*)" -> Gold (*) | D24: No | G24: No SEC or customer reporting requirement exists for our products since we design and completely control manufacturing process. Sonetics is not a publicly traded company and does not have influence over the manufacture of sub-components. | P24: =IF(D24="Yes",1,0) -> 0 | Q24: =IF(D24="No",1,0) -> 1
B25: =HLOOKUP(SL,LT,MATCH("Declaration"&"W",L!$A:$A,0),0)&"(*)" -> Tungsten (*) | D25: No | G25: No SEC or customer reporting requirement exists for our products since we design and completely control manufacturing process. Sonetics is not a publicly traded company and does not have influence over the manufacture of sub-components. | P25: =IF(D25="Yes",1,0) -> 0 | Q25: =IF(D25="No",1,0) -> 1
P26: =SUM(P22:P25) -> 1 | Q26: =SUM(Q22:Q25) -> 3
B27: =HLOOKUP(SL,LT,MATCH("Declaration"&"b"&ROW(),L!$A:$A,0),0) -> 2) Do the following metals (necessary to the functionality or production of your company's products) originate from the DRC or an adjoining country? (*) | D27: =HLOOKUP(SL,LT,MATCH("Declaration"&"Ans",L!$A:$A,0),0) -> Answer | G27: =HLOOKUP(SL,LT,MATCH("Declaration"&"Cmt",L!$A:$A,0),0) -> Comments
B28: =HLOOKUP(SL,LT,MATCH("Declaration"&"Ta",L!$A:$A,0),0)&IF($D$22="No","","(*)") -> Tantalum | D28: No
B29: =HLOOKUP(SL,LT,MATCH("Declaration"&"Sn",L!$A:$A,0),0)&IF($D$23="No","","(*)") -> Tin (*) | D29: No | G29: BOM identified source of tin in solder verified as conflict free (Other potential sources of tin are outside of our supply chain)
B30: =HLOOKUP(SL,LT,MATCH("Declaration"&"Au",L!$A:$A,0),0)&IF($D$24="No","","(*)") -> Gold | D30: No
B31: =HLOOKUP(SL,LT,MATCH("Declaration"&"W",L!$A:$A,0),0)&IF($D$25="No","","(*)") -> Tungsten | D31: No
B33: =HLOOKUP(SL,LT,MATCH("Declaration"&"b"&ROW(),L!$A:$A,0),0) -> 3) Do the following metals (necessary to the functionality or production of your products) come from a recycler or scrap supplier? (*) | D33: =HLOOKUP(SL,LT,MATCH("Declaration"&"Ans",L!$A:$A,0),0) -> Answer | G33: =HLOOKUP(SL,LT,MATCH("Declaration"&"Cmt",L!$A:$A,0),0) -> Comments
B34: =HLOOKUP(SL,LT,MATCH("Declaration"&"Ta",L!$A:$A,0),0)&IF($D$22="No","","(*)") -> Tantalum | D34: No
B35: =HLOOKUP(SL,LT,MATCH("Declaration"&"Sn",L!$A:$A,0),0)&IF($D$23="No","","(*)") -> Tin (*) | D35: No
B36: =HLOOKUP(SL,LT,MATCH("Declaration"&"Au",L!$A:$A,0),0)&IF($D$24="No","","(*)") -> Gold | D36: No
B37: =HLOOKUP(SL,LT,MATCH("Declaration"&"W",L!$A:$A,0),0)&IF($D$25="No","","(*)") -> Tungsten | D37: No
B39: =HLOOKUP(SL,LT,MATCH("Declaration"&"b"&ROW(),L!$A:$A,0),0) -> 4) Have you received completed Conflict Minerals Reporting Templates from all of your suppliers? (*) | D39: =HLOOKUP(SL,LT,MATCH("Declaration"&"Ans",L!$A:$A,0),0) -> Answer | G39: =HLOOKUP(SL,LT,MATCH("Declaration"&"Cmt",L!$A:$A,0),0) -> Comments | H39: =IF($P$26>0,"Click here to enter smelter names","") -> Click here to enter smelter names
B40: =HLOOKUP(SL,LT,MATCH("Declaration"&"Ta",L!$A:$A,0),0)&IF($D$22="No","","(*)") -> Tantalum | D40: No - none
B41: =HLOOKUP(SL,LT,MATCH("Declaration"&"Sn",L!$A:$A,0),0)&IF($D$23="No","","(*)") -> Tin (*) | D41: Yes | G41: BOM identified source of tin in solder verified as conflict free (See: Smelter list tab)
B42: =HLOOKUP(SL,LT,MATCH("Declaration"&"Au",L!$A:$A,0),0)&IF($D$24="No","","(*)") -> Gold | D42: No - none
B43: =HLOOKUP(SL,LT,MATCH("Declaration"&"W",L!$A:$A,0),0)&IF($D$25="No","","(*)") -> Tungsten | D43: No - none
B45: =HLOOKUP(SL,LT,MATCH("Declaration"&"b"&ROW(),L!$A:$A,0),0) -> 5) For each of the following metals, have you identified all of the smelters your company and its suppliers use to supply the products included within the declaration scope indicated above? (*) | D45: =HLOOKUP(SL,LT,MATCH("Declaration"&"Ans",L!$A:$A,0),0) -> Answer | G45: =HLOOKUP(SL,LT,MATCH("Declaration"&"Cmt",L!$A:$A,0),0) -> Comments | H45: =IF($P$26>0,"Click here to enter smelter names","") -> Click here to enter smelter names
B46: =HLOOKUP(SL,LT,MATCH("Declaration"&"Ta",L!$A:$A,0),0)&IF($D$22="No","","(*)") -> Tantalum | D46: No
B47: =HLOOKUP(SL,LT,MATCH("Declaration"&"Sn",L!$A:$A,0),0)&IF($D$23="No","","(*)") -> Tin (*) | D47: Yes all smelters have been provided | G47: BOM identified source of tin used in solder (Other potential sources of tin are outside the supply chain)
B48: =HLOOKUP(SL,LT,MATCH("Declaration"&"Au",L!$A:$A,0),0)&IF($D$24="No","","(*)") -> Gold | D48: No
B49: =HLOOKUP(SL,LT,MATCH("Declaration"&"W",L!$A:$A,0),0)&IF($D$25="No","","(*)") -> Tungsten | D49: No
B51: =HLOOKUP(SL,LT,MATCH("Declaration"&"b"&ROW(),L!$A:$A,0),0) -> 6) Have all of the smelters used by your company and its suppliers been validated as compliant in accordance with the Conflict-Free Smelter (CFS) Program and listed on the Compliant Smelter List for the following metals? (*) | D51: =HLOOKUP(SL,LT,MATCH("Declaration"&"Ans",L!$A:$A,0),0) -> Answer | G51: =HLOOKUP(SL,LT,MATCH("Declaration"&"Cmt",L!$A:$A,0),0) -> Comments | H51: Link to "CFS Compliant Smelter List"
B52: =HLOOKUP(SL,LT,MATCH("Declaration"&"Ta",L!$A:$A,0),0)&IF($D$22="No","","(*)") -> Tantalum | D52: No
B53: =HLOOKUP(SL,LT,MATCH("Declaration"&"Sn",L!$A:$A,0),0)&IF($D$23="No","","(*)") -> Tin (*) | D53: Yes | G53: BOM identified source of tin used in solder (Other potential sources of tin are outside the supply chain)
B54: =HLOOKUP(SL,LT,MATCH("Declaration"&"Au",L!$A:$A,0),0)&IF($D$24="No","","(*)") -> Gold | D54: No
B55: =HLOOKUP(SL,LT,MATCH("Declaration"&"W",L!$A:$A,0),0)&IF($D$25="No","","(*)") -> Tungsten | D55: No
B57: =HLOOKUP(SL,LT,MATCH("Declaration"&"b"&ROW(),L!$A:$A,0),0) -> Answer the Following Questions at a Company Level
B58: =HLOOKUP(SL,LT,MATCH("Declaration"&"b"&ROW(),L!$A:$A,0),0) -> Question | D58: =HLOOKUP(SL,LT,MATCH("Declaration"&"Ans",L!$A:$A,0),0) -> Answer | G58: =HLOOKUP(SL,LT,MATCH("Declaration"&"Cmt",L!$A:$A,0),0) -> Comments | H58: =HLOOKUP(SL,LT,$O58,0) -> #VALUE! | I58: =HLOOKUP(SL,LT,$O58,0) -> #VALUE!
B59: =HLOOKUP(SL,LT,MATCH("Declaration"&"b"&ROW(),L!$A:$A,0),0)&IF(AND($D$22="No",$D$23="No",$D$24="No",$D$25="No"),"","(*)") -> A. Do you have a policy in place that includes DRC conflict-free sourcing? (*) | D59: Yes | G59: Internal policy, not subject to SEC reporting or third party auditing.
B61: =HLOOKUP(SL,LT,MATCH("Declaration"&"b"&ROW(),L!$A:$A,0),0)&IF(AND($D$22="No",$D$23="No",$D$24="No",$D$25="No"),"","(*)") -> B. Is this policy publicly available on your website? (*) | D61: Yes | G61: Not subject to SEC reporting or posting DRC status or policy on web site.
B63: =HLOOKUP(SL,LT,MATCH("Declaration"&"b"&ROW(),L!$A:$A,0),0)&IF(AND($D$22="No",$D$23="No",$D$24="No",$D$25="No"),"","(*)") -> C. Do you require your direct suppliers to be DRC conflict-free? (*) | D63: Yes included in standard contract language | G63: At or sole option, not subject to SEC or customer reporting (Implimented with QF7-026 Rev D Supplier Quality Manual)
B65: =HLOOKUP(SL,LT,MATCH("Declaration"&"b"&ROW(),L!$A:$A,0),0)&IF(AND($D$22="No",$D$23="No",$D$24="No",$D$25="No"),"","(*)") -> D. Do you require your direct suppliers to source from smelters validated as compliant to a CFS protocol using the CFS Compliant Smelter List? (*) | D65: Yes | G65: We have done so as voluntary measure for our BOM controlled Tin based solder supplier (Kester)
B67: =HLOOKUP(SL,LT,MATCH("Declaration"&"b"&ROW(),L!$A:$A,0),0)&IF(AND($D$22="No",$D$23="No",$D$24="No",$D$25="No"),"","(*)") -> E. Have you implemented due diligence measures for conflict-free sourcing? (*) | D67: Yes | G67: Company not subject to SEC reporting, actions or measures but do have on file EICC report for solder supplier which is necessary for manufacture of product.
B69: =HLOOKUP(SL,LT,MATCH("Declaration"&"b"&ROW(),L!$A:$A,0),0)&IF(AND($D$22="No",$D$23="No",$D$24="No",$D$25="No"),"","(*)") -> F. Do you request your suppliers to fill out this Conflict Minerals Reporting Template? (*) | D69: Yes | G69: Only BOM authorized/controlled solder supplier.
B71: =HLOOKUP(SL,LT,MATCH("Declaration"&"b"&ROW(),L!$A:$A,0),0)&IF(AND($D$22="No",$D$23="No",$D$24="No",$D$25="No"),"","(*)") -> G. Do you request smelter names from your suppliers? (*) | D71: Yes | G71: Yes, for tin based solder required on our product BOM.
B73: =HLOOKUP(SL,LT,MATCH("Declaration"&"b"&ROW(),L!$A:$A,0),0)&IF(AND($D$22="No",$D$23="No",$D$24="No",$D$25="No"),"","(*)") -> H. Do you verify due diligence information received from your suppliers? (*) | D73: Yes (documentation review only) | G73: Verified tin based solder supplier to EICC compliant smelter list
B75: =HLOOKUP(SL,LT,MATCH("Declaration"&"b"&ROW(),L!$A:$A,0),0)&IF(AND($D$22="No",$D$23="No",$D$24="No",$D$25="No"),"","(*)") -> I. Does your verification process include corrective action management? (*) | D75: Yes | G75: ISO 9001 based corrective action process.
B77: =HLOOKUP(SL,LT,MATCH("Declaration"&"b"&ROW(),L!$A:$A,0),0)&IF(AND($D$22="No",$D$23="No",$D$24="No",$D$25="No"),"","(*)") -> J. Are you subject to the SEC Conflict Minerals disclosure requirement rule? (*) | D77: No | G77: Not subject to SEC reporting rules, Private company, does not contract to manufacture.
B78: =IF(D8="","","Click here to check required fields completion") -> Click here to check required fields completion
A79: =HLOOKUP(SL,LT,MATCH("Declaration"&"a"&ROW(),L!$A:$A,0),0) -> © 2011 Electronic Industry Citizenship Coalition, Incorporated and Global e-Sustainability Initiative. All rights reserved.

Sheet Smelter List
B2: =HLOOKUP(SL,LT,MATCH("Smelter List"&"b"&ROW(),L!$A:$A,0),0) -> To begin: Step 1. Select Metal in column B Step 2. Select from dropdown in column C Step 3. If dropdown selection is "Smelter Not Listed" complete columns D & E Step 4. Enter all available smelter information in columns F thru N | I2: =HLOOKUP(SL,LT,MATCH("Smelter List"&"i"&ROW(),L!$A:$A,0),0) -> Link to "CFS Compliant Smelter List"
E3: © 2011 Electronic Industry Citizenship Coalition, Incorporated and Global e-Sustainability Initiative. All rights reserved. | O3: Revision 2.03a July 25th 2013 | R3: Gold | S3: Tin | T3: Tantalum | U3: Tungsten
B4: =HLOOKUP(SL,LT,MATCH("Smelter List"&"b"&ROW(),L!$A:$A,0),0) -> Metal (*) | C4: =HLOOKUP(SL,LT,MATCH("Smelter List"&"c"&ROW(),L!$A:$A,0),0) -> Smelter Reference List (*) | D4: =HLOOKUP(SL,LT,MATCH("Smelter List"&"d"&ROW(),L!$A:$A,0),0) -> Standard Smelter Names (*) | E4: =HLOOKUP(SL,LT,MATCH("Smelter List"&"e"&ROW(),L!$A:$A,0),0) -> Smelter Facility Location: Country (*) | F4: =HLOOKUP(SL,LT,MATCH("Smelter List"&"f"&ROW(),L!$A:$A,0),0) -> Smelter ID | G4: =HLOOKUP(SL,LT,MATCH("Smelter List"&"g"&ROW(),L!$A:$A,0),0) -> Smelter Facility Location: Street address | H4: =HLOOKUP(SL,LT,MATCH("Smelter List"&"h"&ROW(),L!$A:$A,0),0) -> Smelter Facility Location: City | I4: =HLOOKUP(SL,LT,MATCH("Smelter List"&"I"&ROW(),L!$A:$A,0),0) -> Smelter Facility Location: State / Province | J4: =HLOOKUP(SL,LT,MATCH("Smelter List"&"j"&ROW(),L!$A:$A,0),0) -> Smelter Facility Contact Name | K4: =HLOOKUP(SL,LT,MATCH("Smelter List"&"k"&ROW(),L!$A:$A,0),0) -> Smelter Facility Contact Email | L4: =HLOOKUP(SL,LT,MATCH("Smelter List"&"l"&ROW(),L!$A:$A,0),0) -> Proposed next steps, if applicable | M4: =HLOOKUP(SL,LT,MATCH("Smelter List"&"m"&ROW(),L!$A:$A,0),0) -> Name of Mine(s) or if recycled or scrap sourced, state recycled or scrap | N4: =HLOOKUP(SL,LT,MATCH("Smelter List"&"n"&ROW(),L!$A:$A,0),0) -> Location (Country) of Mine(s) or if recycled or scrap sourced, state recycled or scrap | O4: =HLOOKUP(SL,LT,MATCH("Smelter List"&"o"&ROW(),L!$A:$A,0),0) -> Comments | R4: Smelter not yet identified | S4: Smelter Not Listed
B5: Tin | C5: Minsur | D5: Minsur | E5: PERU | F5: 2PER019 | G5: Minsur, San Rafael, Peru | H5: Minsur, San Rafael, Peru | I5: San Rafael, Peru | J5: Jose Antonio Ore Riveria | K5: jore@minsur.com | L5: On the Compliant Tin Smelter List. | M5: Minsur, San Rafael, Peru | N5: San Rafael, Peru | O5: Kester solder (Purchased Component) | Q5: =IF(OR(C5="",C5=R$4,C5=S$4),NA(),MATCH($B5&$C5,K!$E:$E,0)) -> 291
B6: Tin | C6: Malaysia Smelting Corporation (MSC) | D6: Malaysia Smelting Corporation (MSC) | E6: MALAYSIA | F6: 2MYS016 | G6: 27, Jalan Pantai 12000 Butterworth | H6: Butterworth Smelter | I6: Penang, Malaysia | J6: Mr Chua Cheong Yong _Smelting Group Chief Operating Officer | K6: msc@msmelt.com | L6: On the Compliant Tin Smelter List. | N6: Penang, Malaysia | O6: Kester solder (Purchased Component) | Q6: =IF(OR(C6="",C6=R$4,C6=S$4),NA(),MATCH($B6&$C6,K!$E:$E,0)) -> 284
B7: Tin | C7: Thaisarco | D7: Thaisarco | E7: THAILAND | F7: 2THA046 | G7: 80 Moo 8 Sakdidej Rd., T.Vichit, A.Muang, Phuket 83000 Thailand | H7: Thailand, Offshore Dredging | I7: Phuket, Thailand | J7: Mr. Panya Torchareon | K7: tsr@thaisarco.com | L7: On the Compliant Tin Smelter List. | M7: Thailand, Offshore Dredging | N7: Thailand, Offshore Dredging | O7: Kester solder (Purchased Component) | Q7: =IF(OR(C7="",C7=R$4,C7=S$4),NA(),MATCH($B7&$C7,K!$E:$E,0)) -> 336
B8: Tin | C8: Mentok | D8: PT Timah | E8: INDONESIA | F8: 2IDN042 | G8: Jalan Jenderal Sudirman 51 Pangkalpinang 33121 Bangka Indonesia | H8: Pangkalpinang | I8: Bangka, Indonesia | J8: Suryadi Djabar Hamid Timah Production Manager | K8: general_affair@pttimah.co.id | L8: Received Conflict Minerals Declaration from PT Timah. Awaiting official validation on the Compliant Tin Smelter List. | M8: Bangka, Indonesia | N8: Bangka, Indonesia | O8: Kester solder (Purchased Component) | Q8: =IF(OR(C8="",C8=R$4,C8=S$4),NA(),MATCH($B8&$C8,K!$E:$E,0)) -> 286
D9: =IF(ISERROR($Q9),"",OFFSET(K!$D$1,$Q9-1,0)) | E9: =IF(ISERROR($Q9),"",OFFSET(K!$C$1,$Q9-1,0)) | F9: =IF(ISERROR($Q9),"",OFFSET(S_E1,MATCH(B9&D9,S_M,0)-1,0)) | Q9: =IF(OR(C9="",C9=R$4,C9=S$4),NA(),MATCH($B9&$C9,K!$E:$E,0)) -> #N/A
D10: =IF(ISERROR($Q10),"",OFFSET(K!$D$1,$Q10-1,0)) | E10: =IF(ISERROR($Q10),"",OFFSET(K!$C$1,$Q10-1,0)) | F10: =IF(ISERROR($Q10),"",OFFSET(S_E1,MATCH(B10&D10,S_M,0)-1,0)) | Q10: =IF(OR(C10="",C10=R$4,C10=S$4),NA(),MATCH($B10&$C10,K!$E:$E,0)) -> #N/A
D11: =IF(ISERROR($Q11),"",OFFSET(K!$D$1,$Q11-1,0)) | E11: =IF(ISERROR($Q11),"",OFFSET(K!$C$1,$Q11-1,0)) | F11: =IF(ISERROR($Q11),"",OFFSET(S_E1,MATCH(B11&D11,S_M,0)-1,0)) | Q11: =IF(OR(C11="",C11=R$4,C11=S$4),NA(),MATCH($B11&$C11,K!$E:$E,0)) -> #N/A
D12: =IF(ISERROR($Q12),"",OFFSET(K!$D$1,$Q12-1,0)) | E12: =IF(ISERROR($Q12),"",OFFSET(K!$C$1,$Q12-1,0)) | F12: =IF(ISERROR($Q12),"",OFFSET(S_E1,MATCH(B12&D12,S_M,0)-1,0)) | Q12: =IF(OR(C12="",C12=R$4,C12=S$4),NA(),MATCH($B12&$C12,K!$E:$E,0)) -> #N/A
D13: =IF(ISERROR($Q13),"",OFFSET(K!$D$1,$Q13-1,0)) | E13: =IF(ISERROR($Q13),"",OFFSET(K!$C$1,$Q13-1,0)) | F13: =IF(ISERROR($Q13),"",OFFSET(S_E1,MATCH(B13&D13,S_M,0)-1,0)) | Q13: =IF(OR(C13="",C13=R$4,C13=S$4),NA(),MATCH($B13&$C13,K!$E:$E,0)) -> #N/A
D14: =IF(ISERROR($Q14),"",OFFSET(K!$D$1,$Q14-1,0)) | E14: =IF(ISERROR($Q14),"",OFFSET(K!$C$1,$Q14-1,0)) | F14: =IF(ISERROR($Q14),"",OFFSET(S_E1,MATCH(B14&D14,S_M,0)-1,0)) | Q14: =IF(OR(C14="",C14=R$4,C14=S$4),NA(),MATCH($B14&$C14,K!$E:$E,0)) -> #N/A
D15: =IF(ISERROR($Q15),"",OFFSET(K!$D$1,$Q15-1,0)) | E15: =IF(ISERROR($Q15),"",OFFSET(K!$C$1,$Q15-1,0)) | F15: =IF(ISERROR($Q15),"",OFFSET(S_E1,MATCH(B15&D15,S_M,0)-1,0)) | Q15: =IF(OR(C15="",C15=R$4,C15=S$4),NA(),MATCH($B15&$C15,K!$E:$E,0)) -> #N/A
D16: =IF(ISERROR($Q16),"",OFFSET(K!$D$1,$Q16-1,0)) | E16: =IF(ISERROR($Q16),"",OFFSET(K!$C$1,$Q16-1,0)) | F16: =IF(ISERROR($Q16),"",OFFSET(S_E1,MATCH(B16&D16,S_M,0)-1,0)) | Q16: =IF(OR(C16="",C16=R$4,C16=S$4),NA(),MATCH($B16&$C16,K!$E:$E,0)) -> #N/A
D17: =IF(ISERROR($Q17),"",OFFSET(K!$D$1,$Q17-1,0)) | E17: =IF(ISERROR($Q17),"",OFFSET(K!$C$1,$Q17-1,0)) | F17: =IF(ISERROR($Q17),"",OFFSET(S_E1,MATCH(B17&D17,S_M,0)-1,0)) | Q17: =IF(OR(C17="",C17=R$4,C17=S$4),NA(),MATCH($B17&$C17,K!$E:$E,0)) -> #N/A
D18: =IF(ISERROR($Q18),"",OFFSET(K!$D$1,$Q18-1,0)) | E18: =IF(ISERROR($Q18),"",OFFSET(K!$C$1,$Q18-1,0)) | F18: =IF(ISERROR($Q18),"",OFFSET(S_E1,MATCH(B18&D18,S_M,0)-1,0)) | Q18: =IF(OR(C18="",C18=R$4,C18=S$4),NA(),MATCH($B18&$C18,K!$E:$E,0)) -> #N/A
D19: =IF(ISERROR($Q19),"",OFFSET(K!$D$1,$Q19-1,0)) | E19: =IF(ISERROR($Q19),"",OFFSET(K!$C$1,$Q19-1,0)) | F19: =IF(ISERROR($Q19),"",OFFSET(S_E1,MATCH(B19&D19,S_M,0)-1,0)) | Q19: =IF(OR(C19="",C19=R$4,C19=S$4),NA(),MATCH($B19&$C19,K!$E:$E,0)) -> #N/A
D20: =IF(ISERROR($Q20),"",OFFSET(K!$D$1,$Q20-1,0)) | E20: =IF(ISERROR($Q20),"",OFFSET(K!$C$1,$Q20-1,0)) | F20: =IF(ISERROR($Q20),"",OFFSET(S_E1,MATCH(B20&D20,S_M,0)-1,0)) | Q20: =IF(OR(C20="",C20=R$4,C20=S$4),NA(),MATCH($B20&$C20,K!$E:$E,0)) -> #N/A
... D2504: =IF(ISERROR($Q2504),"",OFFSET(K!$D$1,$Q2504-1,0)) | E2504: =IF(ISERROR($Q2504),"",OFFSET(K!$C$1,$Q2504-1,0)) | F2504: =IF(ISERROR($Q2504),"",OFFSET(S_E1,MATCH(B2504&D2504,S_M,0)-1,0)) | Q2504: =IF(OR(C2504="",C2504=R$4,C2504=S$4),NA(),MATCH($B2504&$C2504,K!$E:$E,0)) -> #N/A

Sheet Standard Smelter Names
A1: =HLOOKUP(SL,LT,MATCH("Standard Smelter Names"&"a"&ROW(),L!$A:$A,0),0) -> Note: The following list of smelter names does not represent the EICC-GeSI Conflict-Free Smelter (CFS) or all smelters worldwide. | H1: 148
A2: =HLOOKUP(SL,LT,MATCH("Standard Smelter Names"&"a"&ROW(),L!$A:$A,0),0) -> Metal | B2: =HLOOKUP(SL,LT,MATCH("Standard Smelter Names"&"b"&ROW(),L!$A:$A,0),0) -> Standard Smelter Names | C2: =HLOOKUP(SL,LT,MATCH("Standard Smelter Names"&"c"&ROW(),L!$A:$A,0),0) -> Known alias | D2: =HLOOKUP(SL,LT,MATCH("Standard Smelter Names"&"d"&ROW(),L!$A:$A,0),0) -> Smelter Facility Location: Country | E2: =HLOOKUP(SL,LT,MATCH("Standard Smelter Names"&"e"&ROW(),L!$A:$A,0),0) -> Smelter ID | F2: ISO Codes | G2: Smelter # | H2: 150 | I2: 151 | J2: 152 | K2: 153 | L2: 149 | M2: Metal+Ctandard
A3: Gold | B3: Aida Chemical Industries Co. Ltd. | D3: JAPAN | E3: 1JPN072 | F3: DEU | G3: 1 | M3: =A3&B3 -> GoldAida Chemical Industries Co. Ltd.
A4: Gold | B4: Allgemeine Gold- und Silberscheideanstalt A.G. | C4: Allgemeine Gold,Allgemeine Gold- & Silberscheideanstalt,Allgemeine | D4: GERMANY | E4: 1DEU001 | F4: UZB | G4: 2 | M4: =A4&B4 -> GoldAllgemeine Gold- und Silberscheideanstalt A.G.
A5: Gold | B5: Almalyk Mining and Metallurgical Complex (AMMC) | D5: UZBEKISTAN | E5: 1UZB002 | F5: BRA | G5: 3 | M5: =A5&B5 -> GoldAlmalyk Mining and Metallurgical Complex (AMMC)
A6: Gold | B6: AngloGold Ashanti Mineração Ltda | C6: AngloGold Ashanti | D6: BRAZIL | E6: 1BRA003 | F6: CHE | G6: 4 | M6: =A6&B6 -> GoldAngloGold Ashanti Mineração Ltda
A7: Gold | B7: Argor-Heraeus SA | C7: Argor Heraeus | D7: SWITZERLAND | E7: 1CHE004 | F7: JPN | G7: 5 | M7: =A7&B7 -> GoldArgor-Heraeus SA
A8: Gold | B8: Asahi Pretec Corporation | C8: AKK,Asahi Pretec Corp,Asahi Pretec Corp koube koujyo | D8: JAPAN | E8: 1JPN005 | F8: TUR | G8: 6 | M8: =A8&B8 -> GoldAsahi Pretec Corporation
A9: Gold | B9: Asaka Riken Co Ltd | D9: JAPAN | E9: 1JPN073 | F9: DEU | G9: 7 | H9: Metal #s | M9: =A9&B9 -> GoldAsaka Riken Co Ltd
A10: Gold | B10: Atasay Kuyumculuk Sanayi Ve Ticaret A.S. | C10: ATAkulche | D10: TURKEY | E10: 1TUR006 | F10: PHL | G10: 8 | H10: Gold | I10: 1 | M10: =A10&B10 -> GoldAtasay Kuyumculuk Sanayi Ve Ticaret A.S.
A11: Gold | B11: Aurubis AG | C11: Aurubis,Norddeutsche Affinererie AG | D11: GERMANY | E11: 1DEU007 | F11: SWE | G11: 9 | H11: Tin | I11: 2 | M11: =A11&B11 -> GoldAurubis AG
A12: Gold | B12: Bangko Sentral ng Pilipinas (Central Bank of the Philippines) | C12: Central Bank of the Philippines Gold Refinery & Mint | D12: PHILIPPINES | E12: 1PHL008 | F12: MEX | G12: 10 | H12: Tantalum | I12: 3 | M12: =A12&B12 -> GoldBangko Sentral ng Pilipinas (Central Bank of the Philippines)
A13: Gold | B13: Boliden AB | C13: Boliden Mineral AB | D13: SWEDEN | E13: 1SWE009 | F13: CHE | G13: 11 | H13: Tungsten | I13: 4 | M13: =A13&B13 -> GoldBoliden AB
A14: Gold | B14: Caridad | D14: MEXICO | E14: 1MEX010 | F14: KOR | G14: 12 | M14: =A14&B14 -> GoldCaridad
A15: Gold | B15: Cendres & Métaux SA | C15: Cendres et Métaux SA | D15: SWITZERLAND | E15: 1CHE011 | F15: ITA | G15: 13 | M15: =A15&B15 -> GoldCendres & Métaux SA
A16: Gold | B16: Central Bank of the DPR of Korea | D16: KOREA, REPUBLIC OF | E16: 1KOR012 | F16: CHL | G16: 14 | M16: =A16&B16 -> GoldCentral Bank of the DPR of Korea
A17: Gold | B17: Chimet SpA | C17: Chimet | D17: ITALY | E17: 1ITA013 | F17: JPN | G17: 15 | M17: =A17&B17 -> GoldChimet SpA
A18: Gold | B18: Chugai Mining | D18: JAPAN | E18: 1JPN078 | F18: RUS | G18: 16 | M18: =A18&B18 -> GoldChugai Mining
A19: Gold | B19: Codelco | D19: CHILE | E19: 1CHL014 | F19: DEU | G19: 17 | M19: =A19&B19 -> GoldCodelco
A20: Gold | B20: Daejin Indus Co. Ltd | D20: KOREA, REPUBLIC OF | E20: 1KOR082 | F20: DEU | G20: 18 | M20: =A20&B20 -> GoldDaejin Indus Co. Ltd
A21: Gold | B21: DaeryongENC | D21: KOREA, REPUBLIC OF | E21: 1KOR083 | F21: HKG | G21: 19 | M21: =A21&B21 -> GoldDaeryongENC
A22: Gold | B22: Do Sung Corporation | D22: KOREA, REPUBLIC OF | E22: 1KOR084 | F22: CHN | G22: 20 | M22: =A22&B22 -> GoldDo Sung Corporation
A23: Gold | B23: Dowa | C23: Dowa Kogyo k.k,Dowa Metals & Mining Co. Ltd,Dowa Metanix Co.Ltd,Dowa Metalmine co.ltd,Dowa Metals & Mining. Kosak Seiren,Dowa Holdings Co. Ltd | D23: JAPAN | E23: 1JPN015 | F23: JPN | G23: 21 | M23: =A23&B23 -> GoldDowa
A24: Gold | B24: FSE Novosibirsk Refinery | C24: Novosibirsk | D24: RUSSIAN FEDERATION | E24: 1RUS016 | F24: JPN | G24: 22 | M24: =A24&B24 -> GoldFSE Novosibirsk Refinery
A25: Gold | B25: Heimerle + Meule GmbH | D25: GERMANY | E25: 1DEU017 | F25: CHN | G25: 23 | M25: =A25&B25 -> GoldHeimerle + Meule GmbH
A26: Gold | B26: Heraeus Ltd Hong Kong | C26: Heraeus Hong Kong,Heraeus limited,Heraeus Technology Center | D26: HONG KONG | E26: 1HKG019 | F26: CAN | G26: 24 | M26: =A26&B26 -> GoldHeraeus Ltd Hong Kong
A27: Gold | B27: Heraeus Precious Metals GmbH & Co. KG | C27: Heraeus Germany,Heraeus Hanau,Heraeus Materials Technology GMBH&CO.KG,W.C. Heraeus GmbH | D27: GERMANY | E27: 1DEU018 | F27: USA | G27: 25 | M27: =A27&B27 -> GoldHeraeus Precious Metals GmbH & Co. KG
A28: Gold | B28: Hwasung CJ Co. Ltd | D28: KOREA, REPUBLIC OF | E28: 1KOR085 | F28: RUS | G28: 26 | M28: =A28&B28 -> GoldHwasung CJ Co. Ltd
A29: Gold | B29: Inner Mongolia Qiankun Gold and Silver Refinery Share Company Limited | C29: Qiankun Gold and Silver | D29: CHINA | E29: 1CHN020 | F29: RUS | G29: 27 | M29: =A29&B29 -> GoldInner Mongolia Qiankun Gold and Silver Refinery Share Company Limited
A30: Gold | B30: Ishifuku Metal Industry Co., Ltd. | C30: Ishifuku Tokyo Melters | D30: JAPAN | E30: 1JPN021 | F30: JPN | G30: 28 | M30: =A30&B30 -> GoldIshifuku Metal Industry Co., Ltd.
A31: Gold | B31: Istanbul Gold Refinery | D31: TURKEY | E31: 1TUR069 | F31: KAZ | G31: 29 | M31: =A31&B31 -> GoldIstanbul Gold Refinery
A32: Gold | B32: Japan Mint | C32: Japanese Mint Osaka | D32: JAPAN | E32: 1JPN022 | F32: KGZ | G32: 30 | M32: =A32&B32 -> GoldJapan Mint
A33: Gold | B33: Jiangxi Copper Company Limited | C33: JCC | D33: CHINA | E33: 1CHN023 | F33: SAU | G33: 31 | M33: =A33&B33 -> GoldJiangxi Copper Company Limited
A34: Gold | B34: Johnson Matthey Inc | C34: Johnson Matthey USA,JM USA,Johnson Matthey(Salt lake City) | D34: UNITED STATES | E34: 1USA025 | F34: KOR | G34: 32 | M34: =A34&B34 -> GoldJohnson Matthey Inc
A35: Gold | B35: Johnson Matthey Limited | C35: Johnson Matthey Canada,JM Canada | D35: CANADA | E35: 1CAN024 | F35: USA | G35: 33 | M35: =A35&B35 -> GoldJohnson Matthey Limited
A36: Gold | B36: JSC Ekaterinburg Non-Ferrous Metal Processing Plant | C36: Ekaterinburg | D36: RUSSIAN FEDERATION | E36: 1RUS026 | F36: JPN | G36: 34 | M36: =A36&B36 -> GoldJSC Ekaterinburg Non-Ferrous Metal Processing Plant
A37: Gold | B37: JSC Uralectromed | D37: RUSSIAN FEDERATION | E37: 1RUS027 | F37: CHE | G37: 35 | M37: =A37&B37 -> GoldJSC Uralectromed
A38: Gold | B38: JX Nippon Mining & Metals Co., Ltd | C38: JX Nippon Mining and Metals,Nippon Mining,Saganoseki Smelter & Refinery | D38: JAPAN | E38: 1JPN028 | F38: HKG | G38: 36 | M38: =A38&B38 -> GoldJX Nippon Mining & Metals Co., Ltd
A39: Gold | B39: Kazzinc Ltd | D39: KAZAKHSTAN | E39: 1KAZ029 | F39: USA | G39: 37 | M39: =A39&B39 -> GoldKazzinc Ltd
A40: Gold | B40: Kojima Chemicals Co. Ltd | D40: JAPAN | E40: 1JPN074 | F40: MEX | G40: 38 | M40: =A40&B40 -> GoldKojima Chemicals Co. Ltd
A41: Gold | B41: Korea Metal Co. Ltd | D41: KOREA, REPUBLIC OF | E41: 1KOR086 | F41: JPN | G41: 39 | M41: =A41&B41 -> GoldKorea Metal Co. Ltd
A42: Gold | B42: Kyrgyzaltyn JSC | D42: KYRGYZSTAN | E42: 1KGZ030 | F42: JPN | G42: 40 | M42: =A42&B42 -> GoldKyrgyzaltyn JSC
A43: Gold | B43: L' azurde Company For Jewelry | C43: L' azurde | D43: SAUDI ARABIA | E43: 1SAU031 | F43: RUS | G43: 41 | M43: =A43&B43 -> GoldL' azurde Company For Jewelry
A44: Gold | B44: LS-Nikko Copper Inc | C44: LS Nikko | D44: KOREA, REPUBLIC OF | E44: 1KOR032 | F44: UZB | G44: 42 | M44: =A44&B44 -> GoldLS-Nikko Copper Inc
A45: Gold | B45: Materion | C45: Materion Advanced Metals | D45: UNITED STATES | E45: 1USA033 | F45: USA | G45: 43 | M45: =A45&B45 -> GoldMaterion
A46: Gold | B46: Matsuda Sangyo Co. Ltd | D46: JAPAN | E46: 1JPN034 | F46: RUS | G46: 44 | M46: =A46&B46 -> GoldMatsuda Sangyo Co. Ltd
A47: Gold | B47: Metalor Technologies (Hong Kong) Ltd | C47: Metalor Hong Kong,Metalor HK | D47: HONG KONG | E47: 1HKG036 | F47: CHE | G47: 45 | M47: =A47&B47 -> GoldMetalor Technologies (Hong Kong) Ltd
A48: Gold | B48: Metalor Technologies SA | C48: Metalor Switzerland | D48: SWITZERLAND | E48: 1CHE035 | F48: AUS | G48: 46 | M48: =A48&B48 -> GoldMetalor Technologies SA
A49: Gold | B49: Metalor USA Refining Corporation | C49: Metalor USA | D49: UNITED STATES | E49: 1USA037 | F49: RUS | G49: 47 | M49: =A49&B49 -> GoldMetalor USA Refining Corporation
A50: Gold | B50: Met-Mex Peñoles, S.A. | D50: MEXICO | E50: 1MEX038 | F50: IDN | G50: 48 | M50: =A50&B50 -> GoldMet-Mex Peñoles, S.A.
A51: Gold | B51: Mitsubishi Materials Corporation | D51: JAPAN | E51: 1JPN039 | F51: ZAF | G51: 49 | M51: =A51&B51 -> GoldMitsubishi Materials Corporation
A52: Gold | B52: Mitsui Mining and Smelting Co., Ltd. | C52: Mitsui | D52: JAPAN | E52: 1JPN040 | F52: CAN | G52: 50 | M52: =A52&B52 -> GoldMitsui Mining and Smelting Co., Ltd.
A53: Gold | B53: Moscow Special Alloys Processing Plant | D53: RUSSIAN FEDERATION | E53: 1RUS041 | F53: NLD | G53: 51 | M53: =A53&B53 -> GoldMoscow Special Alloys Processing Plant
A54: Gold | B54: Nadir Metal Rafineri San. Ve Tic. A.Ş. | D54: TURKEY | E54: 1TUR070 | F54: ESP | G54: 52 | M54: =A54&B54 -> GoldNadir Metal Rafineri San. Ve Tic. A.Ş.
A55: Gold | B55: Navoi Mining and Metallurgical Combinat | C55: Navoi,NMMC | D55: UZBEKISTAN | E55: 1UZB042 | F55: CHN | G55: 53 | M55: =A55&B55 -> GoldNavoi Mining and Metallurgical Combinat
A56: Gold | B56: Nihon Material Co. LTD | D56: JAPAN | E56: 1JPN071 | F56: CHN | G56: 54 | M56: =A56&B56 -> GoldNihon Material Co. LTD
A57: Gold | B57: Ohio Precious Metals LLC. | C57: Ohio Precious Metals,OPM Metals,USPM,United States Precious Metals | D57: UNITED STATES | E57: 1USA043 | F57: RUS | G57: 55 | M57: =A57&B57 -> GoldOhio Precious Metals LLC.
A58: Gold | B58: OJSC “The Gulidov Krasnoyarsk Non-Ferrous Metals Plant” (OJSC Krastvetmet) | D58: RUSSIAN FEDERATION | E58: 1RUS044 | F58: TWN | G58: 56 | M58: =A58&B58 -> GoldOJSC “The Gulidov Krasnoyarsk Non-Ferrous Metals Plant” (OJSC Krastvetmet)
A59: Gold | B59: OJSC Kolyma Refinery | D59: RUSSIAN FEDERATION | E59: 1RUS067 | F59: JPN | G59: 57 | M59: =A59&B59 -> GoldOJSC Kolyma Refinery
A60: Gold | B60: PAMP SA | C60: PAMP SA SWITZERLAND | D60: SWITZERLAND | E60: 1CHE045 | F60: JPN | G60: 58 | M60: =A60&B60 -> GoldPAMP SA
A61: Gold | B61: Pan Pacific Copper Co. LTD | D61: JAPAN | E61: 1JPN080 | F61: CHN | G61: 59 | M61: =A61&B61 -> GoldPan Pacific Copper Co. LTD
A62: Gold | B62: Prioksky Plant of Non-Ferrous Metals | C62: Prioksky | D62: RUSSIAN FEDERATION | E62: 1RUS047 | F62: JPN | G62: 60 | M62: =A62&B62 -> GoldPrioksky Plant of Non-Ferrous Metals
A63: Gold | B63: PT Aneka Tambang (Persero) Tbk | D63: INDONESIA | E63: 1IDN048 | F63: BRA | G63: 61 | M63: =A63&B63 -> GoldPT Aneka Tambang (Persero) Tbk
A64: Gold | B64: PX Précinox SA | C64: PX Precinox | D64: SWITZERLAND | E64: 1CHE068 | F64: BEL | G64: 62 | M64: =A64&B64 -> GoldPX Précinox SA
A65: Gold | B65: Rand Refinery (Pty) Ltd | C65: Rand Refinery,Rand Refinery Limited | D65: SOUTH AFRICA | E65: 1ZAF049 | F65: CHE | G65: 63 | M65: =A65&B65 -> GoldRand Refinery (Pty) Ltd
A66: Gold | B66: Royal Canadian Mint | D66: CANADA | E66: 1CAN050 | F66: CAN | G66: 64 | M66: =A66&B66 -> GoldRoyal Canadian Mint
A67: Gold | B67: Sabin Metal Corp. | D67: UNITED STATES | E67: 1USA075 | F67: CHN | G67: 65 | M67: =A67&B67 -> GoldSabin Metal Corp.
A68: Gold | B68: SAMWON METALS Corp. | D68: KOREA, REPUBLIC OF | E68: 1KOR087 | F68: CHN | G68: 66 | M68: =A68&B68 -> GoldSAMWON METALS Corp.
A69: Gold | B69: Schone Edelmetaal | C69: Umicore Feingold | D69: NETHERLANDS | E69: 1NLD051 | F69: RUS | G69: 67 | M69: =A69&B69 -> GoldSchone Edelmetaal
A70: Gold | B70: SEMPSA Joyeria Plateria SA | C70: SEMPSA | D70: SPAIN | E70: 1ESP052 | F70: CHE | G70: 68 | M70: =A70&B70 -> GoldSEMPSA Joyeria Plateria SA
A71: Gold | B71: Shandong Zhaojin Gold & Silver Refinery Co. Ltd | C71: Shangdong Zhaojin Group | D71: CHINA | E71: 1CHN054 | F71: TUR | G71: 69 | M71: =A71&B71 -> GoldShandong Zhaojin Gold & Silver Refinery Co. Ltd
A72: Gold | B72: SOE Shyolkovsky Factory of Secondary Precious Metals | C72: Shyolkovsky | D72: RUSSIAN FEDERATION | E72: 1RUS055 | F72: TUR | G72: 70 | M72: =A72&B72 -> GoldSOE Shyolkovsky Factory of Secondary Precious Metals
A73: Gold | B73: Solar Applied Materials Technology Corp. | C73: Solar Applied Materials Taiwan | D73: TAIWAN | E73: 1TWN056 | F73: JPN | G73: 71 | M73: =A73&B73 -> GoldSolar Applied Materials Technology Corp.
A74: Gold | B74: Sumitomo Metal Mining Co. Ltd. | C74: Sumitomo,Toyo Smelter & Refinery,SMM | D74: JAPAN | E74: 1JPN057 | F74: JPN | G74: 72 | M74: =A74&B74 -> GoldSumitomo Metal Mining Co. Ltd.
A75: Gold | B75: Suzhou Xingrui Noble | D75: CHINA | E75: 1CHN079 | F75: JPN | G75: 73 | M75: =A75&B75 -> GoldSuzhou Xingrui Noble
A76: Gold | B76: Tanaka Kikinzoku Kogyo K.K. | C76: Tanaka,TANAKA TOKYO MELTERS,Tanaka Denshi Kogyo,TANAKA DENSHI KOGYO K.K,TANAKA ELECTRONICS (HANGZHOU)CO.LTD,TANAKA ELECTRONICS SINGAPORE PTE LTD,Tanaka Holdings Co.Ltd.,Tanaka Kikinnzoku Kogyo K.K.,Tanaka Kikinzoku Group,Tanaka Kikinzoku Hanbai K.K.,Tanaka Kikinzoku Kogyo K.K. Japan.,Tanaka Kikinzoku Kogyo k.k. syonan koujyo,Tanaka Kinzoku international Co.Ltd Taipei branch | D76: JAPAN | E76: 1JPN058 | F76: JPN | G76: 74 | M76: =A76&B76 -> GoldTanaka Kikinzoku Kogyo K.K.
A77: Gold | B77: The Great Wall Gold and Silver Refinery of China | C77: Great Wall Gold & Silver Refinery | D77: CHINA | E77: 1CHN059 | F77: USA | G77: 75 | M77: =A77&B77 -> GoldThe Great Wall Gold and Silver Refinery of China
A78: Gold | B78: The Refinery of Shandong Gold Mining Co. Ltd | C78: Shandong Gold Mining (Laizhou),China's Shangdong Gold Mining Co.Ltd | D78: CHINA | E78: 1CHN053 | F78: USA | G78: 76 | M78: =A78&B78 -> GoldThe Refinery of Shandong Gold Mining Co. Ltd
A79: Gold | B79: Tokuriki Honten Co. Ltd | C79: Tokuriki Tokyo Melters Assayers | D79: JAPAN | E79: 1JPN060 | F79: JPN | G79: 77 | M79: =A79&B79 -> GoldTokuriki Honten Co. Ltd
A80: Gold | B80: Torecom | D80: KOREA, REPUBLIC OF | E80: 1KOR081 | F80: JPN | G80: 78 | M80: =A80&B80 -> GoldTorecom
A81: Gold | B81: Umicore Brasil Ltda | C81: Umicore Brazil Ltd | D81: BRAZIL | E81: 1BRA061 | F81: CHN | G81: 79 | M81: =A81&B81 -> GoldUmicore Brasil Ltda
A82: Gold | B82: Umicore SA Business Unit Precious Metals Refining | C82: Umicore Hoboken,Umicore Beligium,Umicore SA,Umicore Precious Metals Refining | D82: BELGIUM | E82: 1BEL062 | F82: JPN | G82: 80 | M82: =A82&B82 -> GoldUmicore SA Business Unit Precious Metals Refining
A83: Gold | B83: United Precious Metal Refining, Inc. | D83: UNITED STATES | E83: 1USA076 | F83: KOR | G83: 81 | M83: =A83&B83 -> GoldUnited Precious Metal Refining, Inc.
A84: Gold | B84: Valcambi SA | C84: VALCAMBI,Valcambi SUISSE | D84: SWITZERLAND | E84: 1CHE063 | F84: KOR | G84: 82 | M84: =A84&B84 -> GoldValcambi SA
A85: Gold | B85: Western Australian Mint trading as The Perth Mint | C85: AGR Matthey,Perth Mint (Western Australia Mint),The Perth Mint,Western Australian Mint | D85: AUSTRALIA | E85: 1AUS046 | F85: KOR | G85: 83 | M85: =A85&B85 -> GoldWestern Australian Mint trading as The Perth Mint
A86: Gold | B86: Xstrata Canada Corporation | C86: Xstrata,Xstrata Corporation,Canadian Copper Refinery | D86: CANADA | E86: 1CAN064 | F86: KOR | G86: 84 | M86: =A86&B86 -> GoldXstrata Canada Corporation
A87: Gold | B87: Yokohama Metal Co Ltd | D87: JAPAN | E87: 1JPN077 | F87: KOR | G87: 85 | M87: =A87&B87 -> GoldYokohama Metal Co Ltd
A88: Gold | B88: Zhongyuan Gold Smelter of Zhongjin Gold Corporation | C88: Zhongjin Gold Corporation Limited,Shandong Zhaoyuan Gold Argentine refining company limited | D88: CHINA | E88: 1CHN065 | F88: KOR | G88: 86 | M88: =A88&B88 -> GoldZhongyuan Gold Smelter of Zhongjin Gold Corporation
A89: Gold | B89: Zijin Mining Group Co. Ltd | C89: Zijin Mining | D89: CHINA | E89: 1CHN066 | F89: KOR | G89: 87 | M89: =A89&B89 -> GoldZijin Mining Group Co. Ltd
A90: Tantalum | B90: Conghua Tantalum and Niobium Smeltry | D90: CHINA | E90: 3CHN019 | F90: USA | G90: 1 | M90: =A90&B90 -> TantalumConghua Tantalum and Niobium Smeltry
A91: Tantalum | B91: Duoluoshan | C91: Duoluoshan Sapphire Rare Metal Co. Ltd | D91: CHINA | E91: 3CHN001 | F91: IDN | G91: 3 | M91: =A91&B91 -> TantalumDuoluoshan
A92: Tantalum | B92: Exotech Inc. | C92: Exotech | D92: UNITED STATES | E92: 3USA002 | F92: IDN | G92: 4 | M92: =A92&B92 -> TantalumExotech Inc.
A93: Tantalum | B93: F&X | C93: F&X Electro-Materials Limited | D93: CHINA | E93: 3CHN003 | F93: IDN | G93: 5 | M93: =A93&B93 -> TantalumF&X
A94: Tantalum | B94: Gannon & Scott | D94: UNITED STATES | E94: 3USA004 | F94: IDN | G94: 6 | M94: =A94&B94 -> TantalumGannon & Scott
A95: Tantalum | B95: Global Advanced Metals | C95: Cabot,Cabot Corporation,Cabot Supermetals | D95: UNITED STATES | E95: 3USA005 | F95: IDN | G95: 7 | M95: =A95&B95 -> TantalumGlobal Advanced Metals
A96: Tantalum | B96: H.C. Starck GmbH | C96: HC Starck,Starck,Stark | D96: GERMANY | E96: 3DEU006 | F96: IDN | G96: 8 | M96: =A96&B96 -> TantalumH.C. Starck GmbH
A97: Tantalum | B97: Hi-Temp | D97: UNITED STATES | E97: 3USA016 | F97: IDN | G97: 9 | M97: =A97&B97 -> TantalumHi-Temp
A98: Tantalum | B98: JiuJiang JinXin Nonferrous Metals Co. Ltd. | D98: CHINA | E98: 3CHN020 | F98: BOL | G98: 10 | M98: =A98&B98 -> TantalumJiuJiang JinXin Nonferrous Metals Co. Ltd.
A99: Tantalum | B99: JiuJiang Tambre Co. Ltd. | C99: Jiujiang Tanbre | D99: CHINA | E99: 3CHN007 | F99: CHN | G99: 11 | M99: =A99&B99 -> TantalumJiuJiang Tambre Co. Ltd.
A100: Tantalum | B100: Kemet Blue Powder | C100: Niotan | D100: UNITED STATES | E100: 3USA010 | F100: CHN | G100: 12 | M100: =A100&B100 -> TantalumKemet Blue Powder
...

Sheet Checker
A1: =HLOOKUP(SL,LT,MATCH("Checker"&"a"&ROW(),L!$A:$A,0),0) -> To ensure all required fields have been populated before submitting to your customers review form for any line items highlighted in red | D1: =HLOOKUP(SL,LT,MATCH("checker"&"d"&ROW(),L!$A:$A,0),0) -> Required fields remaining to be completed
A2: Click here to return to Declaration tab | B2: =IF(Declaration!P26>0,"Click here to return to Smelter List","") -> Click here to return to Smelter List | C2: =IF(Declaration!D9=Declaration!S9,"Click here to return to Product List","") | D2: =H52 -> 0
A3: =HLOOKUP(SL,LT,MATCH("Checker"&"a"&ROW(),L!$A:$A,0),0) -> Required Fields | B3: =HLOOKUP(SL,LT,MATCH("Checker"&"b"&ROW(),L!$A:$A,0),0) -> Answer provided | C3: =HLOOKUP(SL,LT,MATCH("Checker"&"c"&ROW(),L!$A:$A,0),0) -> Notes | D3: =HLOOKUP(SL,LT,MATCH("Checker"&"d"&ROW(),L!$A:$A,0),0) -> Hyperlink to source | F3: condition1 | G3: condition2 | H3: remaining | I3: comment1 | J3: comment for remaining
A4: =Declaration!B8 -> Company Name (*): | B4: =Declaration!D8 -> Sonetics Corporation | C4: =IF(H4=1,J4,I4) -> Completed | D4: =IF(H4=1,"Click here to enter Company Name","") | F4: 1 | G4: =IF(B4=0,1,0) -> 0 | H4: =F4*G4 -> 0 | I4: Completed | J4: Must provide your company name on the declaration tab cell D8
A5: =Declaration!B9 -> Declaration Scope (*): | B5: =Declaration!D9 -> A. Company Level | C5: =IF(H5=1,J5,I5) -> Completed | D5: =IF(H5=1,"Click here to enter Declaration Scope","") | F5: 1 | G5: =IF(B5=0,1,0) -> 0 | H5: =F5*G5 -> 0 | I5: Completed | J5: Must determine the scope of declaration on the declaration tab cell D9
A6: =Declaration!B10 -> Description of Scope: | B6: =Declaration!D10 -> All products under Sonetics , Firecom and Flightcombrands | C6: =IF(H6=1,J6,I6) -> Completed | D6: =IF(H6=1,"Click here to provide a Description of Scope","") | F6: =IF(OR(B5=Declaration!P9,B5=Declaration!S9,B5=0),0,1) -> 0 | G6: =IF(B6=0,1,0) -> 0 | H6: =F6*G6 -> 0 | I6: Completed | J6: Must provide Description of Scope on Declaration tab cell D9
A7: =Declaration!B14 -> Authorized Company Representative Name (*): | B7: =Declaration!D14 -> Michael Heade | C7: =IF(H7=1,J7,I7) -> Completed | D7: =IF(H7=1,"Click here to enter an Authorized Company Representative's name","") | F7: 1 | G7: =IF(B7=0,1,0) -> 0 | H7: =F7*G7 -> 0 | I7: Completed | J7: Must provide Authorized Company Representative contact name in Declaration tab cell D14
A8: =Declaration!B16 -> Representative Email (*): | B8: =Declaration!D16 -> michael.heade@soneticscorp.com | C8: =IF(H8=1,J8,I8) -> Completed | D8: =IF(H8=1,"Click here to enter Representative's email","") | F8: 1 | G8: =IF(B8=0,1,0) -> 0 | H8: =F8*G8 -> 0 | I8: Completed | J8: Must provide an email for Authorized Company Representative on Declaration tab cell D16
A9: =Declaration!B18 -> Date of Completion (*): | B9: =Declaration!D18 -> 39815 | C9: =IF(H9=1,J9,I9) -> Completed | D9: =IF(H9=1,"Click here to enter Date of Completion","") | F9: 1 | G9: =IF(B9=0,1,0) -> 0 | H9: =F9*G9 -> 0 | I9: Completed | J9: Must provide date the form was completed on Declaration tab cell D18
A10: =Declaration!B21 -> 1) Are any of the following metals necessary to the functionality or production of your company's products that it manufactures or contracts to manufacture? (*) | H10: =F10*G10 -> 0
A11: =Declaration!B22 -> Tantalum (*) | B11: =Declaration!D22 -> No | C11: =IF(H11=1,J11,I11) -> Completed | D11: =IF(H11=1,"Click here to answer question 1 for Tantalum","") | F11: 1 | G11: =IF(B11=0,1,0) -> 0 | H11: =F11*G11 -> 0 | I11: Completed | J11: Must declare if Tantalum is in use within the scope of products declared within this survey response on the Declaration tab cell D22
A12: =Declaration!B23 -> Tin (*) | B12: =Declaration!D23 -> Yes | C12: =IF(H12=1,J12,I12) -> Completed | D12: =IF(H12=1,"Click here to answer question 1 for Tin","") | F12: 1 | G12: =IF(B12=0,1,0) -> 0 | H12: =F12*G12 -> 0 | I12: Completed | J12: Must declare if Tin is in use within the scope of products declared within this survey response on the Declaration tab cell D23
A13: =Declaration!B24 -> Gold (*) | B13: =Declaration!D24 -> No | C13: =IF(H13=1,J13,I13) -> Completed | D13: =IF(H13=1,"Click here to answer question 1 for Gold","") | F13: 1 | G13: =IF(B13=0,1,0) -> 0 | H13: =F13*G13 -> 0 | I13: Completed | J13: Must declare if Gold is in use within the scope of products declared within this survey response on the Declaration tab cell D24
A14: =Declaration!B25 -> Tungsten (*) | B14: =Declaration!D25 -> No | C14: =IF(H14=1,J14,I14) -> Completed | D14: =IF(H14=1,"Click here to answer question 1 for Tungsten","") | F14: 1 | G14: =IF(B14=0,1,0) -> 0 | H14: =F14*G14 -> 0 | I14: Completed | J14: Must declare if Tungsten is in use within the scope of products declared within this survey response on the Declaration tab cell D25
A15: =Declaration!B27 -> 2) Do the following metals (necessary to the functionality or production of your company's products) originate from the DRC or an adjoining country? (*)
A16: =Declaration!B28 -> Tantalum | B16: =Declaration!D28 -> No | C16: =IF(H16=1,J16,I16) -> Completed | D16: =IF(H16=1,"Click here to answer question 2 for Tantalum","") | F16: =IF(B11="No",0,1) -> 0 | G16: =IF(B16=0,1,0) -> 0 | H16: =F16*G16 -> 0 | I16: Completed | J16: Declare if Tantalum used within the scope of products declared within this survey response originated from the DRC or an adjoining Country on the Declaration tab cell D28
A17: =Declaration!B29 -> Tin (*) | B17: =Declaration!D29 -> No | C17: =IF(H17=1,J17,I17) -> Completed | D17: =IF(H17=1,"Click here to answer question 2 for Tin","") | F17: =IF(B12="No",0,1) -> 1 | G17: =IF(B17=0,1,0) -> 0 | H17: =F17*G17 -> 0 | I17: Completed | J17: Declare if Tin used within the scope of products declared within this survey response originated from the DRC or an adjoining Country on the Declaration tab cell D29
A18: =Declaration!B30 -> Gold | B18: =Declaration!D30 -> No | C18: =IF(H18=1,J18,I18) -> Completed | D18: =IF(H18=1,"Click here to answer question 2 for Gold","") | F18: =IF(B13="No",0,1) -> 0 | G18: =IF(B18=0,1,0) -> 0 | H18: =F18*G18 -> 0 | I18: Completed | J18: Declare if Gold used within the scope of products declared within this survey response originated from the DRC or an adjoining Country on the Declaration tab cell D30
A19: =Declaration!B31 -> Tungsten | B19: =Declaration!D31 -> No | C19: =IF(H19=1,J19,I19) -> Completed | D19: =IF(H19=1,"Click here to answer question 2 for Tungsten","") | F19: =IF(B14="No",0,1) -> 0 | G19: =IF(B19=0,1,0) -> 0 | H19: =F19*G19 -> 0 | I19: Completed | J19: Declare if Tungsten used within the scope of products declared within this survey response originated from the DRC or an adjoining Country on the Declaration tab cell D31
A20: =Declaration!B33 -> 3) Do the following metals (necessary to the functionality or production of your products) come from a recycler or scrap supplier? (*)
A21: =Declaration!B34 -> Tantalum | B21: =Declaration!D34 -> No | C21: =IF(H21=1,J21,I21) -> Completed | D21: =IF(H21=1,"Click here to answer question 3 for Tantalum","") | F21: =IF(B11="No",0,1) -> 0 | G21: =IF(B21=0,1,0) -> 0 | H21: =F21*G21 -> 0 | I21: Completed | J21: Declare if Tantalum used within the scope of products declared within this survey response originated from a recycled or scrap source on the Declaration tab cell D34
A22: =Declaration!B35 -> Tin (*) | B22: =Declaration!D35 -> No | C22: =IF(H22=1,J22,I22) -> Completed | D22: =IF(H22=1,"Click here to answer question 3 for Tin","") | F22: =IF(B12="No",0,1) -> 1 | G22: =IF(B22=0,1,0) -> 0 | H22: =F22*G22 -> 0 | I22: Completed | J22: Declare if Tin used within the scope of products declared within this survey response originated from a recycled or scrap source on the Declaration tab cell D35
A23: =Declaration!B36 -> Gold | B23: =Declaration!D36 -> No | C23: =IF(H23=1,J23,I23) -> Completed | D23: =IF(H23=1,"Click here to answer question 3 for Gold","") | F23: =IF(B13="No",0,1) -> 0 | G23: =IF(B23=0,1,0) -> 0 | H23: =F23*G23 -> 0 | I23: Completed | J23: Declare if Gold used within the scope of products declared within this survey response originated from a recycled or scrap source on the Declaration tab cell D36
A24: =Declaration!B37 -> Tungsten | B24: =Declaration!D37 -> No | C24: =IF(H24=1,J24,I24) -> Completed | D24: =IF(H24=1,"Click here to answer question 3 for Tungsten","") | F24: =IF(B14="No",0,1) -> 0 | G24: =IF(B24=0,1,0) -> 0 | H24: =F24*G24 -> 0 | I24: Completed | J24: Declare if Tungsten used within the scope of products declared within this survey response originated from a recycled or scrap source on the Declaration tab cell D37
A25: =Declaration!B39 -> 4) Have you received completed Conflict Minerals Reporting Templates from all of your suppliers? (*)
A26: =Declaration!B40 -> Tantalum | B26: =Declaration!D40 -> No - none | C26: =IF(H26=1,J26,I26) -> Completed | D26: =IF(H26=1,"Click here to answer question 4 for Tantalum","") | F26: =IF(B11="No",0,1) -> 0 | G26: =IF(B26=0,1,0) -> 0 | H26: =F26*G26 -> 0 | I26: Completed | J26: Provide % of completeness of supplier's smelter information on Declaration tab cell D40
A27: =Declaration!B41 -> Tin (*) | B27: =Declaration!D41 -> Yes | C27: =IF(H27=1,J27,I27) -> Completed | D27: =IF(H27=1,"Click here to answer question 4 for Tin","") | F27: =IF(B12="No",0,1) -> 1 | G27: =IF(B27=0,1,0) -> 0 | H27: =F27*G27 -> 0 | I27: Completed | J27: Provide % of completeness of supplier's smelter information on Declaration tab cell D41
A28: =Declaration!B42 -> Gold | B28: =Declaration!D42 -> No - none | C28: =IF(H28=1,J28,I28) -> Completed | D28: =IF(H28=1,"Click here to answer question 4 for Gold","") | F28: =IF(B13="No",0,1) -> 0 | G28: =IF(B28=0,1,0) -> 0 | H28: =F28*G28 -> 0 | I28: Completed | J28: Provide % of completeness of supplier's smelter information on Declaration tab cell D42
A29: =Declaration!B43 -> Tungsten | B29: =Declaration!D43 -> No - none | C29: =IF(H29=1,J29,I29) -> Completed | D29: =IF(H29=1,"Click here to answer question 4 for Tungsten","") | F29: =IF(B14="No",0,1) -> 0 | G29: =IF(B29=0,1,0) -> 0 | H29: =F29*G29 -> 0 | I29: Completed | J29: Provide % of completeness of supplier's smelter information on Declaration tab cell D43
A30: =Declaration!B45 -> 5) For each of the following metals, have you identified all of the smelters your company and its suppliers use to supply the products included within the declaration scope indicated above? (*)
A31: =Declaration!B46 -> Tantalum | B31: =Declaration!D46 -> No | C31: =IF(H31=1,J31,I31) -> Completed | D31: =IF(H31=1,"Click here to answer question 5 for Tantalum","") | F31: =IF(B11="No",0,1) -> 0 | G31: =IF(B31=0,1,0) -> 0 | H31: =F31*G31 -> 0 | I31: Completed | J31: Declare if all smelter names have been provided in this survey response which fall under the scope of products declared within this survey response on the Declaration tab cell D46
A32: =Declaration!B47 -> Tin (*) | B32: =Declaration!D47 -> Yes all smelters have been provided | C32: =IF(H32=1,J32,I32) -> Completed | D32: =IF(H32=1,"Click here to answer question 5 for Tin","") | F32: =IF(B12="No",0,1) -> 1 | G32: =IF(B32=0,1,0) -> 0 | H32: =F32*G32 -> 0 | I32: Completed | J32: Declare if all smelter names have been provided in this survey response which fall under the scope of products declared within this survey response on the Declaration tab cell D47
A33: =Declaration!B48 -> Gold | B33: =Declaration!D48 -> No | C33: =IF(H33=1,J33,I33) -> Completed | D33: =IF(H33=1,"Click here to answer question 5 for Gold","") | F33: =IF(B13="No",0,1) -> 0 | G33: =IF(B33=0,1,0) -> 0 | H33: =F33*G33 -> 0 | I33: Completed | J33: Declare if all smelter names have been provided in this survey response which fall under the scope of products declared within this survey response on the Declaration tab cell D48
A34: =Declaration!B49 -> Tungsten | B34: =Declaration!D49 -> No | C34: =IF(H34=1,J34,I34) -> Completed | D34: =IF(H34=1,"Click here to answer question 5 for Tungsten","") | F34: =IF(B14="No",0,1) -> 0 | G34: =IF(B34=0,1,0) -> 0 | H34: =F34*G34 -> 0 | I34: Completed | J34: Declare if all smelter names have been provided in this survey response which fall under the scope of products declared within this survey response on the Declaration tab cell D49
A35: =Declaration!B51 -> 6) Have all of the smelters used by your company and its suppliers been validated as compliant in accordance with the Conflict-Free Smelter (CFS) Program and listed on the Compliant Smelter List for the following metals? (*)
A36: =Declaration!B52 -> Tantalum | B36: =Declaration!D52 -> No | C36: =IF(H36=1,J36,I36) -> Completed | D36: =IF(H36=1,"Click here to answer question 6 for Tantalum","") | F36: =IF(B11="No",0,1) -> 0 | G36: =IF(B36=0,1,0) -> 0 | H36: =F36*G36 -> 0 | I36: Completed | J36: Must declare if all smelters your company and its suppliers use for Tantalum are on the Conflict-Free Smelter (CFS) list on Declaration tab cell D52
A37: =Declaration!B53 -> Tin (*) | B37: =Declaration!D53 -> Yes | C37: =IF(H37=1,J37,I37) -> Completed | D37: =IF(H37=1,"Click here to answer question 6 for Tin","") | F37: =IF(B12="No",0,1) -> 1 | G37: =IF(B37=0,1,0) -> 0 | H37: =F37*G37 -> 0 | I37: Completed | J37: Must declare if all smelters your company and its suppliers use for Tin are on the Conflict-Free Smelter (CFS) list on Declaration tab cell D53
A38: =Declaration!B54 -> Gold | B38: =Declaration!D54 -> No | C38: =IF(H38=1,J38,I38) -> Completed | D38: =IF(H38=1,"Click here to answer question 6 for Gold","") | F38: =IF(B13="No",0,1) -> 0 | G38: =IF(B38=0,1,0) -> 0 | H38: =F38*G38 -> 0 | I38: Completed | J38: Must declare if all smelters your company and its suppliers use for Gold are on the Conflict-Free Smelter (CFS) list on Declaration tab cell D54
A39: =Declaration!B55 -> Tungsten | B39: =Declaration!D55 -> No | C39: =IF(H39=1,J39,I39) -> Completed | D39: =IF(H39=1,"Click here to answer question 6 for Tungsten","") | F39: =IF(B14="No",0,1) -> 0 | G39: =IF(B39=0,1,0) -> 0 | H39: =F39*G39 -> 0 | I39: Completed | J39: Must declare if all smelters your company and its suppliers use for Tungsten are on the Conflict-Free Smelter (CFS) list on Declaration tab cell D55
A40: =Declaration!B59 -> A. Do you have a policy in place that includes DRC conflict-free sourcing? (*) | B40: =Declaration!D59 -> Yes | C40: =IF(H40=1,J40,I40) -> Completed | D40: =IF(H40=1,"Click here to document answer on DRC Conflict-Free sourcing policy","") | F40: =IF(AND(B$11="No",B$12="No",B$13="No",B$14="No"),0,1) -> 1 | G40: =IF(B40=0,1,0) -> 0 | H40: =F40*G40 -> 0 | I40: Completed | J40: Must answer if your company has a DRC Conflict-Free sourcing policy on the Declaration tab cell D59
A41: =Declaration!B61 -> B. Is this policy publicly available on your website? (*) | B41: =Declaration!D61 -> Yes | C41: =IF(H41=1,J41,I41) -> Completed | D41: =IF(H41=1,"Click here to document answer on public availability","") | F41: =IF(AND(B$11="No",B$12="No",B$13="No",B$14="No"),0,1) -> 1 | G41: =IF(B41=0,1,0) -> 0 | H41: =F41*G41 -> 0 | I41: Completed | J41: Must answer if your company has made your DRC Conflict-Free sourcing policy is publically available on your website on the Declaration tab cell D61
A42: =Declaration!B63 -> C. Do you require your direct suppliers to be DRC conflict-free? (*) | B42: =Declaration!D63 -> Yes included in standard contract language | C42: =IF(H42=1,J42,I42) -> Completed | D42: =IF(H42=1,"Click here to document supplier requirement","") | F42: =IF(AND(B$11="No",B$12="No",B$13="No",B$14="No"),0,1) -> 1 | G42: =IF(B42=0,1,0) -> 0 | H42: =F42*G42 -> 0 | I42: Completed | J42: Must answer if you require your direct suppliers to be DRC Conflict-Free on the Declaration tab cell D63
A43: =Declaration!B65 -> D. Do you require your direct suppliers to source from smelters validated as compliant to a CFS protocol using the CFS Compliant Smelter List? (*) | B43: =Declaration!D65 -> Yes | C43: =IF(H43=1,J43,I43) -> Completed | D43: =IF(H43=1,"Click here to document use of CFS list","") | F43: =IF(AND(B$11="No",B$12="No",B$13="No",B$14="No"),0,1) -> 1 | G43: =IF(B43=0,1,0) -> 0 | H43: =F43*G43 -> 0 | I43: Completed | J43: Must answer if you require your direct suppliers to source from smelters validated as DRC Conflict-Free using the Conflict-Free Smelter list on Declaration tab cell D65
A44: =Declaration!B67 -> E. Have you implemented due diligence measures for conflict-free sourcing? (*) | B44: =Declaration!D67 -> Yes | C44: =IF(H44=1,J44,I44) -> Completed | D44: =IF(H44=1,"Click here to document Conflict Minerals due diligence","") | F44: =IF(AND(B$11="No",B$12="No",B$13="No",B$14="No"),0,1) -> 1 | G44: =IF(B44=0,1,0) -> 0 | H44: =F44*G44 -> 0 | I44: Completed | J44: Must answer if you have implemented Conflict Minerals sourcing due diligence measures on Declaration tab cell D67
A45: =Declaration!B69 -> F. Do you request your suppliers to fill out this Conflict Minerals Reporting Template? (*) | B45: =Declaration!D69 -> Yes | C45: =IF(H45=1,J45,I45) -> Completed | D45: =IF(H45=1,"Click here to document supplier requirement for surveys","") | F45: =IF(AND(B$11="No",B$12="No",B$13="No",B$14="No"),0,1) -> 1 | G45: =IF(B45=0,1,0) -> 0 | H45: =F45*G45 -> 0 | I45: Completed | J45: Must answer if you request your suppliers to fill out this Conflict Minerals reporting template on Declaration tab cell D69
A46: =Declaration!B71 -> G. Do you request smelter names from your suppliers? (*) | B46: =Declaration!D71 -> Yes | C46: =IF(H46=1,J46,I46) -> Completed | D46: =IF(H46=1,"Click here to document smelter name collection","") | F46: =IF(AND(B$11="No",B$12="No",B$13="No",B$14="No"),0,1) -> 1 | G46: =IF(B46=0,1,0) -> 0 | H46: =F46*G46 -> 0 | I46: Completed | J46: Must answer if you request smelter names from your suppliers on the declaration tab cell D71
A47: =Declaration!B73 -> H. Do you verify due diligence information received from your suppliers? (*) | B47: =Declaration!D73 -> Yes (documentation review only) | C47: =IF(H47=1,J47,I47) -> Completed | D47: =IF(H47=1,"Click here to document response documentation","") | F47: =IF(AND(B$11="No",B$12="No",B$13="No",B$14="No"),0,1) -> 1 | G47: =IF(B47=0,1,0) -> 0 | H47: =F47*G47 -> 0 | I47: Completed | J47: Must answer if you verify Conflict Minerals responses from your suppliers on Declaration tab cell D73
A48: =Declaration!B75 -> I. Does your verification process include corrective action management? (*) | B48: =Declaration!D75 -> Yes | C48: =IF(H48=1,J48,I48) -> Completed | D48: =IF(H48=1,"Click here to document corrective action","") | F48: =IF(AND(B$11="No",B$12="No",B$13="No",B$14="No"),0,1) -> 1 | G48: =IF(B48=0,1,0) -> 0 | H48: =F48*G48 -> 0 | I48: Completed | J48: Must answer if your verification process includes corrective action management on Declaration tab cell D75
A49: =Declaration!B77 -> J. Are you subject to the SEC Conflict Minerals disclosure requirement rule? (*) | B49: =Declaration!D77 -> No | C49: =IF(H49=1,J49,I49) -> Completed | D49: =IF(H49=1,"Click here to document SEC disclosure requirement","") | F49: =IF(AND(B$11="No",B$12="No",B$13="No",B$14="No"),0,1) -> 1 | G49: =IF(B49=0,1,0) -> 0 | H49: =F49*G49 -> 0 | I49: Completed | J49: Must answer if you are subject to the SEC Disclosure requirement on Declaration tab cell D77
A50: ='Product List'!B6 -> All Sonetics products | B50: =IF('Product List'!B6="","No products or item numbers listed","One or more product / item numbers have been provided") -> One or more product / item numbers have been provided | C50: =IF(H50=1,J50,I50) -> Completed | D50: =IF(H50=1,"Click here to enter detail on Product List tab","") | F50: =IF(OR(B5<>"D. Product Level",AND(B$11="No",B$12="No",B$13="No",B$14="No")),0,1) -> 0 | G50: =IF(A50=0,1,0) -> 0 | H50: =F50*G50 -> 0 | I50: Completed | J50: Must provide 1 or more Products or Item Numbers this declaration applies to. From declaration tab select hyperlink in cellG16 to enter Product List tab
A51: =IF(G51=0,"One or more smelter names has been provided","No smelter names have been provided") -> One or more smelter names has been provided | B51: =IF(G51=1,"No smelter names provided on Smelter List tab","One or more smelter names have been provided") -> One or more smelter names have been provided | C51: =IF(H51=1,J51,I51) -> One or more smelter names have been provided | D51: =IF(H51=0,"","Click here to provide smelter information") | F51: =IF(AND(B$11="No",B$12="No",B$13="No",B$14="No"),0,1) -> 1 | G51: =IF(COUNTIF('Smelter List'!C5:C14,"")<10,0,1) -> 0 | H51: =F51*G51 -> 0 | I51: One or more smelter names have been provided | J51: Must provide list of smelters contributing material to supply chain on Smelter List tab
H52: =SUM(H4:H51) -> 0

Sheet Product List
A1: =HLOOKUP(SL,LT,MATCH("Product List"&"a"&ROW(),L!$A:$A,0),0) -> Completion required only if reporting level "Product-level" selected on the 'Declaration' tab.
B4: Click here to return to Declaration tab
B5: =HLOOKUP(SL,LT,MATCH("Product List"&"b"&ROW(),L!$A:$A,0),0) -> Product or Item Number (*) | C5: =HLOOKUP(SL,LT,MATCH("Product List"&"c"&ROW(),L!$A:$A,0),0) -> Product or Item Description | D5: =HLOOKUP(SL,LT,MATCH("Product List"&"d"&ROW(),L!$A:$A,0),0) -> Comments
B6: All Sonetics products | C6: All Sonetics Products | D6: Includes all Firecom and Flightcom products
B301: © 2011 Electronic Industry Citizenship Coalition, Incorporated and Global e-Sustainability Initiative. All rights reserved.

Sheet L
B1: Sheets | C1: Cells | D1: English | E1: 中文 Chinese | F1: 日本語 Japanese | G1: 한국어 Korean | H1: Français | I1: Português | J1: Deutsch | K1: Español | L1: italiano
A2: =B2&C2 -> InstructionsA1 | B2: Instructions | C2: A1 | D2: EICC Extractives website: (www.eicc.info/extractives.htm) training, request template, FAQs, Conflict-Free Smelters (CFS) list | E2: EICC Extractives 网址：（www.eicc.info/ extractives.htm） 培训，要求模板，常见问题，无冲突冶炼厂（CFS）清单 | F2: EICC 紛争鉱物に関するウェブサイト：(www.eicc.info/extractives.htm) トレーニング、要請テンプレート、良くある質問（FAQ）、コンフリクトフリー製錬業者（CFS)リスト | G2: EICC 분쟁광물 워킹그룹 웹사이트 (www.eicc.info/extractives.htm) 분쟁광물 사용에 관한 교육자료, 자주하는질문(FAQs), 분쟁으로부터 자유로운 제련소 (CFS, Conflict Free Smelter) 리스트를 확인할 수 있습니다. | H2: Extraits du site Internet : (www.eicc.info/extractives.htm) Formation, modèles, FAQs, liste des Conflict-Free Smelters (CFS - fonderies certifiant l’origine et la traçabilité des métaux provenant de zones de conflit ou à haut risque) | I2: EICC Minérios website: (www.eicc.info/extractives.htm) treinamento, solicitação de modelos, Perguntas Frequentes (FAQ´s, Lista de Fundições Livre de Conflitos de Minerais (FLC) | J2: EICC Extractives website: (www.eicc.info/extractives.htm) Schulung, Anfragevorlage, häufig gestellte Fragen, Konfliktfreie Schmelzhütten (CFS) Liste | K2: EICC Extractives website: (www.eicc.info/extractives.htm) Entrenamiento, templete de requerimiento, Preguntas frecuentes, Lista de fundidores libres de minerales en conflicto (CFS por siglas en Ingles) | L2: Estratti dal sito internet: (www.eicc.info/extractives.htm) Formazione, modelli, Domande Frequenti (FAQs), lista dei Conflict-Free Smelters (CFS - fonderie che certificano l'origine e la tracciabilità dei metalli provenienti da zone di conflitto o ad alto rischio)
A3: =B3&C3 -> InstructionsA2 | B3: Instructions | C3: A2 | D3: Introduction | E3: 介绍 | F3: 始めに | G3: 소개 | H3: Introduction | I3: Introdução | J3: Einführung | K3: Introduccion | L3: Introduzione
A4: =B4&C4 -> InstructionsA3 | B4: Instructions | C4: A3 | D4: This EICC-GeSI Conflict Minerals Reporting Template (the Template) was created by the Electronic Industry Citizenship Coalition® (EICC®) and the Global e-Sustainability Initiative (GeSI) as a common means for the collection of sourcing information related to “Conflict Minerals”. Companies in the electronics and all other industries may adopt this Template as an element of their due diligence program to verify the responsible sourcing of materials and to support compliance to new legislation*. This Template is consistent with EICC and GeSI’s related activities including the Conflict Free Smelter (CFS) Program**. | E4: 此EICC-GeSI冲突矿产报告模板是由电子行业公民联盟(EICC)及全球电子可持续发展倡议组织（GeSI）所制定的,以便作为收集有关“冲突矿产“采购信息的通用工具。公司可以采用该模板作为他们尽职调查程序的一个元素，用来验证在采购材料的职责和支持遵守新法例规。此模板与EICC及GeSI的相关活动是一致的，当中包括无冲突冶炼厂计划。 | F4: EICC-GeSI紛争鉱物報告テンプレートは、「紛争鉱物」に関する調達情報収集の共通ツールとして Electronic Industry Citizenship Coalition®（EICC®）及び Global e-Sustainability Initiative（GeSI）が作成しました。電子産業界を始めすべての産業界の各企業は、責任のある資材調達方法を検証し、新しい法律※への準拠をサポートする、デューデリジェンス・プログラムの一部として、このテンプレートを採用することができます。このテンプレートはコンフリクトフリー製錬業者（CFS）プログラム※※を含むEICC及びGeSIの関連活動に沿ったものとなっています。 | G4: 분쟁광물 사용보고 템플릿은 EICC(전자산업 시민연대, Electronic Industry Citizenship Coalition)와 GeSI(글로벌 e지속가능성 이니셔티브, Global e-Sustainability Initiative)가 공동 제작한 것으로 분쟁에 기여된 광물질 관련 구매 정보를 수집하기 위한 문서입니다. 기업들은 미국에서 새롭게 제정된 법안* 준수를 지원하고 책임있는 광물질 구매를 증명하기 위한 실사 프로그램의 일환으로 이 템플릿을 활용할 수 있습니다. 이 템플릿은 EICC와 GeSI의 CFS 프로그램**(Conflict Free Smelter Program) 관련 활동들을 바탕으로 제작되었습니다. | H4: Ce formulaire de rapport sur les minerais de conflit a été créé par l’Electronic Industry Citizenship Coalition (EICC®) et le Global e-Sustainability Initiative (GeSI) comme un moyen commun pour collecter des informations sur l’approvisionnement en métaux et minerais provenant des zones de conflit ou à haut risque. Ce rapport peut être utilisé par les entreprises spécialisées dans l'électronique ou dans toute autre industrie comme un élément de leur programme de due diligence (Devoir de diligence) afin de vérifier l’approvisionnement responsable en matériaux et de supporter l’obligation de conformité avec la nouvelle législation en vigueur*. Ce modèle est en adéquation avec les activités de l’EICC et le GeSI liées à la provenance des métaux et minerais de zones de conflit ou à haut risque, y compris le programme CFS**. | I4: Este Modelo do EICC-GeSI de Relatório de Minerais de Conflito foi criado pela Coalisão pela Cidadania da Industria Eletroeletronica e pela Initiciativa Global de e-Sustentabilidade como a finalidade ser uma fonte d einformação relacionada a "Minerais de Zona de Conflito". Empresas na indústria eletrônica e em outra indústrias poderão adotar este modelo como um elemento de seu progarama de due diligence para verificação de responsabilidade da origem dos materiais e suporte a conformidade à nova legislação*. Este modelo é consistente com as atividades relacionadas ao EICC e ao GeSI incluindo o Programa das Fundições Livres de Conflitos (FLC)**. | J4: Der EICC-GeSI Konfliktmineralien-Fragebogen wurde von der Electronic Industry Citizenship Coalition (EICC) und der Global e-Sustainability Initiative (GeSI) als gemeinsames Werkzeug zur Erfassung von Beschaffungsinformationen bezüglich "Konfliktmineralien" erstellt. Firmen innerhalb der Elektronikindustrie und anderen Branchen können diesen Fragebogen als Element ihres Due Diligence Programms nutzen, um eine verantwortliche Materialbeschaffung zu prüfen und die Einhaltung der neuen Gesetzgebung* zu unterstützen. Dieser Fragebogen stimmt mit den EICC und GeSI Aktivitäten bezüglich dem Conflict Free Smelter (CFS) Programm überein**. | K4: Este templete ( El templete) de reporte para minerales conflictivos EICC-GeSI fue creado por la Coalición de Ciudadanía de la Industria Electrónica ® (EICC ®) y la Global e-Sustainability Initiative (GeSI) como un medio común para la recopilación de información de fuentes relacionadas con "minerales conflictivos ". Las empresas de la electrónica y todas las otras industrias pueden adoptar esta plantilla como un elemento de su programa de cuidado para verificar el abastecimiento responsable de los materiales y para apoyar el cumplimiento de la nueva legislación *. Esta plantilla es consistente con actividades relacionadas con la EICC y GeSI, incluyendo el programa de fundidores libres de conflicto (SFC) ** | L4: Questo modello di questionario relativo ai minerali di conflitto (conflict minerals) è stato creato dalla Electronic Industry Citizenship Coalition (EICC®) e dal Global e-Sustainability Initiative (GeSI) come modello comune per la raccolta di informazioni sull'approvigionamento di metalli e minerali provenienti da zone di conflitto o ad alto rischio. Il modello di questionario può essere utilizzato dalle Aziende specializzate in elettronica o in altri settori industriali come elemento del proprio programma di due diligence (dovere di diligenza), al fine di verificare l'approvigionamento responsabile dei materiali e supportare l'obbligo di conformità alla nuova legislazione in vigore*. Tale modello è conforme alle attività del EICC e GeSI relative alla provenienza di metalli e minerali dalle zone di conflitto o ad alto rischio, incluso il programma CFS**.
A5: =B5&C5 -> InstructionsA4 | B5: Instructions | C5: A4 | D5: * In 2010, the U.S. Dodd-Frank Act was passed concerning “Conflict Minerals” originating from the Democratic Republic of the Congo (DRC) or adjoining countries. The SEC has published final rules associated with the disclosure of the source of Conflict Minerals by U.S. publicly traded companies (see the rules at http://www.sec.gov/rules/final/2012/34-67716.pdf). The rules reference the OECD Due Diligence Guidance for Responsible Supply Chains of Minerals from Conflict-Affected and High-Risk Areas, (http://www.oecd.org/dataoecd/62/30/46740847.pdf), which guides suppliers to establish policies, due diligence frameworks, and management systems. ** See information on the Conflict-Free Smelter (CFS) Program (www.conflictfreesmelter.org/) and other information (www.eicc.info/extractives.htm). | E5: * 2010年，美国多德 - 弗兰克法案通过了关于“冲突矿物”，原产于刚果民主共和国（DRC）或邻近国家。美国证券交易委员会公布的最终规则与冲突矿产的来源美国上市公司（见规则http://www.sec.gov/rules/final/2012/34-67716.pdf）的披露。规则参考了经济合作与发展组织尽职调查指引“负责任的供应链的矿物受冲突影响和高风险地区（http://www.oecd.org/dataoecd/62/30/46740847.pdf），指导供应商制定政策，尽职调查框架和管理系统。 *的信息，请参阅关于的无冲突冶炼厂（CFS）的计划（www.conflictfreesmelter.org/）和“其他的信息（www.eicc.info/ extractives.htm）。 | F5: *2010年に、コンゴ民主共和国（DRC）又は隣接国原産の「紛争鉱物」に関する米国金融規制改革及び消費者保護法が可決されました。米国証券取引委員会は、米国の株式公開企業を対象とした、紛争鉱物調達先に関する開示規則を発行しました （http://www.sec.gov/rules/final/2012/34-67716.pdfの規則を参照してください）。この規則は、サプライヤーに方針、デューデリジェンスの枠組み、及び管理システムを定めるよう指導する、「紛争地域及び紛争リスクの高い地域から産出される鉱物の責任あるサプライチェーンのためのOECDデューデリジェンス・ガイダンス（OECD Due Diligence Guidance for Responsible Supply Chains of Minerals from Conflict-Affected and High-Risk Areas）」（http://www.oecd.org/dataoecd/62/30/46740847.pdf）を参照しています。 ** コンフリクトフリー製錬業者（CFS）プログラム（www.conflictfreesmelter.org/）及びその他の情報（www.eicc.info/extractives.htm）を参照してください。 | G5: * 2010년 미국 연방법에서는 콩고민주공화국과 인접 국가들에서 발생한 "분쟁광물질"과 관련된 법안을 통과시켰습니다. 미국 증권거래위원회는 증권거래소에 상장된 기업들의 분쟁광물질 구매 원산지 정보 공개에 관한 최종 법안을 공표하였습니다. (법안은 http://sec.gov/rules/final/2012/34-67716.pdf 에서 확인 가능합니다). 상정된 법안은 "분쟁 및 고위험 지역의 책임있는 광물질 공급망을 위한 OECD 실사 안내서"를 참조하였으며 (http://www.oecd.org/dataoecd/62/30/46740847.pdf), 이 안내서는 협력사들이 분쟁지역광물질 정책, 실사 체계 및 경영시스템을 구축할 수 있도록 지원하고 있습니다. ** EICC와 GeSI의 CFS 프로그램은(www.conflictfreesmelter.org)에서, 기타 정보는 EICC 웹사이트인 (www.eicc.info/extractives.htm)에서 확인 가능합니다. | H5: * En 2010, les Etats-Unis Dodd-Frank Act a été adoptée concernant les «minerais du conflit» originaires de la République démocratique du Congo (RDC) ou dans les pays voisins. La SEC a publié les règles définitives liées à la divulgation de la source des minéraux des conflits par des sociétés américaines cotées en bourse (voir les règles de http://www.sec.gov/rules/final/2012/34-67716.pdf). Les règles référence à l'orientation de l'OCDE devoir de diligence pour des chaînes d'approvisionnement responsables en minerais provenant de zones de conflit ou à haut risque, (http://www.oecd.org/dataoecd/62/30/46740847.pdf), qui guide les fournisseurs à établir des politiques, des cadres de diligence raisonnable, et des systèmes de gestion. ** Voir information sur la fonderie de conflit (CFS) programme (www.conflictfreesmelter.org/) et d'autres informations (www.eicc.info / extractives.htm). | I5: * Em 2010, os EUA Dodd-Frank Act foi aprovado sobre "minerais do conflito" originários da República Democrática do Congo (RDC) ou países vizinhos. A SEC publicou regras finais associados com a divulgação da fonte de minerais do conflito por empresas americanas de capital aberto (ver as regras em http://www.sec.gov/rules/final/2012/34-67716.pdf). As regras de referência da OCDE Orientação Due Diligence para Cadeias de Fornecimento Responsável de Minerais de áreas atingidas pelo conflito e de alto risco, (http://www.oecd.org/dataoecd/62/30/46740847.pdf), que orienta os fornecedores para estabelecer políticas, estruturas de due diligence, e sistemas de gestão. ** Veja informações sobre a fundição livre de conflitos (CFS) Programa (www.conflictfreesmelter.org/) e outras informações (www.eicc.info / extractives.htm). | J5: * Im Jahr 2010 wurde die US-Dodd-Frank Act verabschiedet zum Thema "Conflict Minerals", die aus der Demokratischen Republik Kongo (DRK) oder angrenzenden Ländern. Die SEC hat endgültige Regelung mit der Offenlegung der Quelle von Konflikt Mineralien nach US-börsennotierten Unternehmen (siehe die Regeln http://www.sec.gov/rules/final/2012/34-67716.pdf) verbunden veröffentlicht. Die Regeln verweisen die OECD Due Diligence Guidance for Responsible Supply Chains von Mineralien aus Konflikt-und High-Risk Areas, (http://www.oecd.org/dataoecd/62/30/46740847.pdf), die Lieferanten führt zu politische Strategien, Due Diligence-Frameworks und-Management-Systeme. ** Siehe Angaben auf dem Conflict-Free Smelter (CFS) Program (www.conflictfreesmelter.org/) und andere Informationen (www.eicc.info / extractives.htm). | K5: * En 2010, los EE.UU. Dodd-Frank se aprobó la Ley sobre "minerales del conflicto" procedentes de la República Democrática del Congo (RDC) o de los países vecinos. La SEC ha publicado reglas finales relacionados con la divulgación del origen de los minerales de conflicto por las compañías estadounidenses que cotizan en bolsa (vea las reglas en http://www.sec.gov/rules/final/2012/34-67716.pdf). Las reglas referencia a la Guía de la OCDE Due Diligence para Cadenas de Suministro Responsable de minerales de zonas de conflicto y de alto riesgo, (http://www.oecd.org/dataoecd/62/30/46740847.pdf), que guía a los proveedores establecer las políticas, los marcos de diligencia debida, y sistemas de gestión. ** Ver información sobre la Fundición de Conflictos-Free (CFS) Programa (www.conflictfreesmelter.org/) y otra información (www.eicc.info / extractives.htm). | L5: * Nel 2010 è stata votata una legge federale americana relativa ai metalli/minerali provenienti dalle zone di conflitto o ad alto rischio della Repubblica Democratica del Congo e Paesi confinanti. La SEC dovrebbe pubblicare la legislazione definitiva relativa alla divulgazione delle fonti di Conflict Minerals per le Aziende quotate in borsa negli StatiUniti (vedere la legislazione proposta al link http://www.sec.gov/news/press/2010/2010-245.htm). La proposta di legislazione fa riferimento alla guida OECD sul dovere di diligenza per le filiere di approvigionamento responsabile di metalli provenienti dalle zone di conflitto o ad alto rischio (http://www.oecd.org/dataoecd/62/30/46740847.pdf), che supporta i Fornitori nell'elaborazione di politiche, accordi quadro e sistemi di gestionde della propria diligenza. ** fare riferimento al Programma Fonderie conflict - Free (CFS, Conflict - Free Smelter Program) (www.conflictfreesmelter.org/). Altre informazioni disponibili (www.eicc.info/extractives.htm).
A6: =B6&C6 -> InstructionsA6 | B6: Instructions | C6: A6 | D6: Instructions for completing Company Information questions (rows 8 - 18). Provide comments in ENGLISH only | E6: 公司资料填写说明（第8-18行）。只限英文作答 | F6: 会社情報の記入（8～18行）に関する解説 回答は英語（半角）で入力してください。 | G6: 기업 정보 입력 안내서(8~18줄). 답변은 반드시 영어로 기입해야 합니다. | H6: Instructions pour compléter la partie Informations à propos de l’entreprise (lignes 8 -18) Merci de répondre en anglais uniquement | I6: Instruções para completar as questões relacionadas às informações da empresa (Linhas 8 - 18). Favor fornecer comentários somente em Inglês. | J6: Anleitung zum Beantworten der Fragen zu Firmeninformationen (Reihen 8 - 18) Bitte machen sie ihre Angaben nur in ENGLISCH | K6: Instrucciones para completar las preguntas sobre informacion de la compañia ( renglones 8-18). Proveer comentarios solamente en INGLES Provide comments in ENGLISH only | L6: Istruzioni per il completamento della sezione INFORMAZIONI SULL'AZIENDA (righe 8-18). Siete pregati di rispondere unicamente in Inglese.
A7: =B7&C7 -> InstructionsA7 | B7: Instructions | C7: A7 | D7: Note: Entries with (*) are mandatory fields. | E7: 注：星号（*）是代表强制性填写栏位 | F7: 注：（※）のある欄は回答必須項目です。 | G7: *표는 반드시 입력하여야 합니다. | H7: Remarque : les astérisques (*) marquent des champs obligatoires | I7: Nota: Campos sinalizados com *, são campos mandatórios de ser preenchidos. | J7: Hinweis: Eingaben mit (*) sind Pflichtfelder | K7: Nota: Celdas con (*) son campos obligatorios. | L7: Note: i campi con asterisco (*) sono a risposta obbligatoria
A8: =B8&C8 -> InstructionsA8 | B8: Instructions | C8: A8 | D8: 1. Insert your company's Legal Name. Please do not use abbreviations | E8: 1. 输入贵公司的法定名称。请不要使用缩写 | F8: 1. 御社の正式名称を記入してください。省略形は使わないでください。 | G8: 1. 귀사의 법적인 공식 명칭을 기입하시오. 축약된 명칭을 기입하면 안됩니다. | H8: 1. Merci d’inscrire ici le nom légal de votre entreprise. Merci de ne pas utiliser abréviations | I8: 1. Insira o nome da organização (Nome de Pessoa Jurídica e não Nome Fantasia). Por favor, não use abreviações. | J8: 1. Geben sie ihren rechtmäßigen Firmennamen ein. Abkürzungen sind nicht zulässig. | K8: 1. Inserte el nombre legal de la compañia. No use abreviaciones por favor | L8: 1. Inserire la denominazione legale dell'Azienda. Si prega di non utilizzare abbreviazioni.
A9: =B9&C9 -> InstructionsA9 | B9: Instructions | C9: A9 | D9: 2. Select your company’s Declaration Scope. For Scope selections of “Division” or “Category of Products”, provide additional details describing company division or plant, or specific category of product(s) for which this Template is being completed in the “Description of Scope” field. For Scope selection of Product(s) a link to the worksheet tab for Product List will be displayed. | E9: 2.选择贵公司的申报范围。如果范围的选择是“分部申报” 或 “产品类别申报” ， 那么必须在此模板的“范围描述”栏位内提供额外的细节以说明公司部门或工厂，或特定产品的类别。如果选项为产品范围申报，将有一个产品清单工作表的链接被显示出来。 | F9: 御社の申告の範囲を選択してください。「部門」や「製品カテゴリー」の範囲を選択した場合は、このテンプレートの申告対象となる社内部門や工場、もしくは具体的な製品カテゴリーに関する詳細な説明を次の「範囲の説明」の欄に記入してください。範囲の選択で「製品」を選択すると、「範囲の説明」欄に製品リストのワークシートタブへのリンクが表示されます。 | G9: 2. 귀사 문서의 선언 범위를 선택하시오. B나 C를 선택할 경우, 해당되는 "계열회사나 부서 " 또는 "제품 범주"를 "선언범위 설명"란에 자세히 기입하시오. 제품 목록 선택 시, 제품 목록 worksheet tab 링크가 표시될 것입니다. | H9: 2. Sélectionner le périmètre de Déclaration de votre entreprise. Pour les sélections "Division" ou "Catégorie de Produits", merci de fournir des détails supplémentaires décrivant la division ou l'usine, ou la catégorie spécifique de produits pour laquelle ce formulaire est complété dans le champ "Description du Périmètre" | I9: 2. Selecione a Declaração de Escopo de sua Organização. Para seleção de escopo de Divisões, ou "Categoria de Produtos", fornecer detalhes adicionais descrevendo a divisão ou planta, ou categoria específica de produto(s) para os quais este modelo vem sendo preenchido, conforme o campo "Descrição de Escopo". Para selecinar Produto(s) um link para uma planilha de LIsta de Produtos será vizualizada. | J9: 2. Wählen sie den Erklärungsbereich für die Deklaration aus. Für die Erklärungsbereiche "Unternehmen" oder "Produktkategorie" machen Sie bitte zusätzliche Angaben in diesem Arbeitsblatt unter "Beschreibung des Erklärungsbereiches", die den Unternehmensbereich, die Fabrik oder die spezifischen Produkte/kategorien beschreiben. Für den Erklärungsbereich "Produkt" wird ein Link zum Reiter "Product List" angezeigt. | K9: 2. Seleccione la declaracion del alcance de su empresa. Para las selecciones de alcance de la "división" o "Categoría de Productos", provea los detalles adicionales que describan división de la empresa o planta, o de una categoría específica de producto (s) para que esta plantilla sea completada en la sección "Descripción del alcance". Para la seleccion del alcance del producto(s) un link a la pestaña de la hoja de excel se mostrara para la lista de productos. | L9: 2. Selezionare il perimetro di dichiarazione dell'Azienda. Per le sezioni "Divisioni" o "Categorie di Prodotto", si prega di fornire ulteriori dettagli relativi alla divisione dell'Azienda o allo Stabilimento, o specificare le categorie di prodotto/i per i quali questo modello di questionario viene compilato nel campo "Descrizione del perimetro". Qualora il perimetro sia una lista di prodotti, sarà evidenziato un link al foglio di lavoro relativo alla Lista Prodotti
A10: =B10&C10 -> InstructionsA10 | B10: Instructions | C10: A10 | D10: 3. Insert your company’s unique identifier number or code (DUNS number, VAT number, etc) | E10: 3. 输入您公司独特的识别号码或企业代码 (DUNS 号, VAT号， etc) | F10: 3. 御社社固有の識別番号又はコードを記入してください（DUNSナンバー、VATナンバー等）。 | G10: 3. 귀사의 고유한 번호나 코드를 기입하십시오. (DUNS #, VAT # 등) | H10: 3. Inscrire ici le Numéro ou Code Unique d’Identification de votre entreprise (numéro DUNS, numéro TVA, etc…) | I10: 3. Insira o número de identificação de sua organização (CNPJ, Inscrição Municipal, etc.) | J10: 3. Geben sie ihre eindeutige Firmenidentifikationsnummer (DUNS Nummer, Steuernummer, etc.) ein | K10: 3. Inserte su unico numero de indentificador de la compañia o codigo ( Numero DUNS , Numero VAT, etc) | L10: 3. Inserire il codice univoco di identificazione dell'Azienda (DUNS number, Partita IVA, etc..)
A11: =B11&C11 -> InstructionsA11 | B11: Instructions | C11: A11 | D11: 4. Insert your full company address (street, city, state, country, postal code) | E11: 4. 输入您公司完整的地址（街道，地区，城市，国家，邮区编号） | F11: 4. 御社の住所を省略せずに記入してください（番地、市、州/都道府県、国、郵便番号） 。 | G11: 4. 귀사의 주소를 기입하십시오. (시, 구, 동, 우편번호 등) | H11: 4. Inscrire ici l’adresse complète de votre entreprise (rue, ville, État, pays, code postal,…) | I11: 4. Insira o endereço completo de sua organização (avenida/rua, cidade, país, código postal. | J11: 4. Geben sie ihre komplette Firmenadresse (Strasse, Stadt, Bundesland, Land, Postleitzahl) ein. | K11: 4. Inserte la direccion completa de la compañia (Calle, ciudad, estado, pais, codigo postal) | L11: 4. Inserire l'indirizzo completo dell'Azienda (via, città, stato, paese, codice di avviamento postale, ..)
A12: =B12&C12 -> InstructionsA12 | B12: Instructions | C12: A12 | D12: 5. Please identify the authorized management representative responsible for the accuracy of the data in this template. | E12: 5. 请列出负责确保此模板资料准确性的公司授权管理代表 | F12: 5. このテンプレートの回答データの正確性に責任を有する、回答責任者（部門長）を記入してください。 | G12: 5. 이 템플릿에 기입되는 정보의 정확도를 책임질 수 있는 담당직원 성명을 기입하십시오. | H12: 5. Merci d’indiquer le nom d’une personne légalement autorisée par votre entreprise, responsable de l’exactitude des informations fournies dans ce rapport | I12: 5. Por favor, identificar o representante da empresa responsável pela acuracidade dos dados neste formulário. | J12: 5. Bitte geben sie den bevollmächtigten Geschäftsleitungsvertreter, der für die Richtigkeit der eingegeben Daten in diesem Arbeitsblatt verantwortlich ist, ein. | K12: 5. Por favor indentifique el representate autorizado responsible de la veracidad de los datos en este templete | L12: 5. Si prega di indicare il nominativo di un Rappresentante Legale dell'Azienda, responsabile dell'esattezza delle informazioni trasmesse tramite questo questionario
A13: =B13&C13 -> InstructionsA13 | B13: Instructions | C13: A13 | D13: 7. Please enter the Date of Completion for this form using the format DD-MMM-YYYY | E13: 7.请使用日-月-年的格式，输入此模板的完成日期 | F13: 7.このテンプレートの作成日をDD-MMM-YYYY（例: 01-JAN-2012）の形式で記入してください。 | G13: 7. 이 템플릿 작성을 완료한 날짜를 기입하십시오. 날짜는 DD-MMM-YYYY (예: 12-Jul-2012) | H13: 7. Merci de préciser la date à laquelle vous avez complété ce rapport en utilisant le format suivant JJ-MM-AAAA | I13: 7. Por favor, entre com os dados de finalização de preenchimento deste formulário com o formato DD-MM-AAAA | J13: 7. Bitte geben sie das Datum (TT-MM-JJJJ)ein, an dem der Fragebogen ausgefüllt wurde. | K13: 7. Por favor introduzca la fecha de elaboracion de esta forma usando el formato DD-MMM-AAAA | L13: 7. Si prega di indicare la data di completamento del questionario nel formato GG-MM-YYY
... A112: =B112&C112 -> DeclarationB9 | B112: Declaration | C112: B9 | D112: Declaration Scope (*): | E112: 申报范围（*）： | F112: 申告範囲(*)： | G112: 선언범위 (*): | H112: Périmètre de la déclaration (*): | I112: Declaração de Escopo (*): | J112: Erklärungsbereich (*): | K112: Alcance de la declaracion (*): | L112: Scopo della Dichiarazione (*)
A113: =B113&C113 -> DeclarationB10 | B113: Declaration | C113: B10 | D113: =IF(Declaration!P13=0,"Description of Scope:",IF(Declaration!P13=1,"Description of Scope: (*)",IF(Declaration!P13=2,"Go to Product List tab to enter products this declaration applies to"))) -> Description of Scope: | E113: =IF(Declaration!P13=0,"范围描述：",IF(Declaration!P13=1,"范围描述 (*):",IF(Declaration!P13=2,"转到产品目录“选项卡进入本声明适用于产品"))) -> 范围描述： | F113: =IF(Declaration!P13=0,"範囲の説明：",IF(Declaration!P13=1,"範囲の説明 (*):",IF(Declaration!P13=2,"この宣言に適用される製品を入力するには製品一覧]タブに移動します"))) -> 範囲の説明： | G113: =IF(Declaration!P13=0,"선언범위 설명란:",IF(Declaration!P13=1,"선언범위 설명란 (*):",IF(Declaration!P13=2,"이 선언은 적용 제품를 입력하도록 제품리스트 탭으로 이동"))) -> 선언범위 설명란: | H113: =IF(Declaration!P13=0,"Description du périmètre:",IF(Declaration!P13=1,"Description du périmètre (*):",IF(Declaration!P13=2,"Allez à l'onglet Liste des produits d'entrer les produits de cette déclaration est valable pour"))) -> Description du périmètre: | I113: =IF(Declaration!P13=0,"Descrição dos Escopo:",IF(Declaration!P13=1,"Descrição dos Escopo(*):",IF(Declaration!P13=2,"Vá para a guia Lista de Produtos para entrar produtos desta declaração se aplica"))) -> Descrição dos Escopo: | J113: =IF(Declaration!P13=0,"Beschreibung des Erklärungsbereiches:",IF(Declaration!P13=1,"Beschreibung des Erklärungsbereiches (*):",IF(Declaration!P13=2,"Wechseln Sie zum Reiter „Product List“ und geben dort die Produkte ein, für die diese Erklärung gilt."))) -> Beschreibung des Erklärungsbereiches: | K113: =IF(Declaration!P13=0,"Descripcion del alcance:",IF(Declaration!P13=1,"Descripcion del alcance (*):",IF(Declaration!P13=2,"Ir a la ficha del producto para entrar en la lista de los productos de esta declaración se aplica a"))) -> Descripcion del alcance: | L113: =IF(Declaration!Q13=0,"Descrizione dello scopo:",IF(Declaration!Q13=1,"Descrizione dello scopo (*):",IF(Declaration!Q13=2,"Andare alla tabella lista prodotto per inserire i prodotti per cui vale questa dichiarazione"))) -> Descrizione dello scopo:
A114: =B114&C114 -> DeclarationB12 | B114: Declaration | C114: B12 | D114: Company Unique Identifier: | E114: 公司独特的识别： | F114: 会社固有の識別番号: | G114: 사업등록번호: | H114: Numéro d'Identification Unique de l'entreprise: | I114: Código de Indentificação da Empresa (CNPJ): | J114: Firmenidentifikationsnummer: | K114: Identificador unico de la compañia: | L114: Numero di identificazione della società
A115: =B115&C115 -> DeclarationB13 | B115: Declaration | C115: B13 | D115: Address: | E115: 地址： | F115: 住所: | G115: 주소: | H115: Adresse: | I115: Endereço: | J115: Adresse: | K115: Direccion: | L115: Indirizzo
A116: =B116&C116 -> DeclarationB14 | B116: Declaration | C116: B14 | D116: Authorized Company Representative Name (*): | E116: 公司授权代表人名字（*）： | F116: 回答責任者名(*)： | G116: 담당자 (*): | H116: Nom du représentant légal de l'entreprise (*): | I116: Nome de Representante Autorizado (*): | J116: Name des bevollmächtigten Firmenvertreters (*): | K116: Nombre del representante autorizado por la compañia (*): | L116: Nome del legale Rappresentante dell'azienda
A117: =B117&C117 -> DeclarationB15 | B117: Declaration | C117: B15 | D117: Representative Title: | E117: 授权代表人职称： | F117: 回答責任者の役職: | G117: 담당자 직위: | H117: Titre du représentant légal: | I117: Cargo do Representante: | J117: Titel des Firmenvertreters: | K117: Titulo del representante: | L117: Titolo del Legale Rappresentante
A118: =B118&C118 -> DeclarationB16 | B118: Declaration | C118: B16 | D118: Representative Email (*): | E118: 授权代表人电子邮件（*）： | F118: 回答責任者の電子メール(*): | G118: 담당자 이메일 (*): | H118: Adresse email du représentant légal (*): | I118: Email do representante (*): | J118: Email des Firmenvertreters (*): | K118: Email del representante (*): | L118: Email del Legale Rappresentante(*):
A119: =B119&C119 -> DeclarationB17 | B119: Declaration | C119: B17 | D119: Representative Phone: | E119: 授权代表人电话： | F119: 回答責任者の電話番号: | G119: 담당자 전화번호: | H119: Numéro de téléphone du représentant légal: | I119: Telefone de Contato do Representante: | J119: Telefonnummer des Firmenvertreters: | K119: Telefono del representante: | L119: Numero di telefono del Legale Rappresentante:
A120: =B120&C120 -> DeclarationB18 | B120: Declaration | C120: B18 | D120: Date of Completion (*): | E120: 完成日期（*）： | F120: 記入日(*): | G120: 완료일 (*): | H120: Date d'achèvement (*): | I120: Data de Finalização (*): | J120: Datum der Fertigstellung (*): | K120: Fecha de eleboracion(*): | L120: Data
A121: =B121&C121 -> DeclarationB20 | B121: Declaration | C121: B20 | D121: Answer the following questions 1 - 6 based on the declaration scope indicated above | E121: 基于以上所述的申报范围,回答下列的问题1-6。 | F121: 上記の申告範囲にもとづいて、以下の1～6の質問にお答えください | G121: 위에 명시한 선언범위를 바탕으로 다음 1~6번 질문에 답하시오. | H121: Répondre aux questions suivantes 1 à 6 en fonction du périmètre de la déclaration indiqué ci-dessus | I121: Responda às seguintes perguntas de 1 - 6 com base na declaração de escopo indicada acima. | J121: Beantworten Sie folgende Fragen 1 - 6 basierend auf dem oben angegebenen Erklärungsbereich | K121: Responder a las siguientes preguntas 1-6 basado en el alcance de la declaracion indicado arriba. | L121: Rispondere alle seguenti domande 1- 6 basate sul perimetro della dichiarazione sopra indicato
A122: =B122&C122 -> DeclarationB21 | B122: Declaration | C122: B21 | D122: 1) Are any of the following metals necessary to the functionality or production of your company's products that it manufactures or contracts to manufacture? (*) | E122: 1) 公司的产品制造或合同(外包的产品)制造中，下列金属对贵司产品的功能或生产是否有必要作用？ (*) | F122: １）以下の金属は御社が製造又は製造契約を締結している製品の機能性又は生産に必要ですか？ (*) | G122: 1) 다음의 금속 중 귀사가 제조하는 제품이거나 제조하기로 계약한 제품의 생산과 기능에 필요한 금속이 있습니까? (*) | H122: 1) L'un des métaux suivants est-il necessaire au fonctionnement ou à la fabrication de produits que votre entreprise manufacure ou dont elle sous-traite la fabrication? (*) | I122: 1) Algum dos seguintes metais são necessários para a funcionalidade ou a produção dos produtos de sua organização ou das empresa(s) que fabrica(m) ou contrato(s) para a fabricação? (*) | J122: 1) Sind folgende Metalle notwendig für die Funktionalität oder die Herstellung der Produkte die Ihre Firma herstellt oder herstellen lässt? (*) | K122: 1) Algunos de los siguientes metales son necesarios para la funcionalidad o produccion de los productos de la compañia que son manufacturados o manufacturados por contratos? (*) | L122: 1) Uno dei seguenti metalli è necessario per la funzionalità o la produzione dei prodotti che la vostra società produce o che sono in corso di produzione? (*)
A123: =B123&C123 -> DeclarationB27 | B123: Declaration | C123: B27 | D123: 2) Do the following metals (necessary to the functionality or production of your company's products) originate from the DRC or an adjoining country? (*) | E123: 2) 下列金属（对贵司产品的功能或生产有必要作用）是否来自刚果民主共和国或其相邻的国家？(*) | F123: ２）以下の金属（御社の製品の機能性又は生産に必要なもの）はDRC又は隣接国を原産地としていますか？(*) | G123: 2) 1)의 질문에서 답한 금속 중 콩고민주공화국이나 인접 국가가 원산지인 금속이 있습니까? (*) | H123: 2) Les métaux suivants (nécessaires au fonctionnement ou à la fabrication des produits de votre entreprise) proviennent-ils de la République Démocratique du Congo ou d'un pays frontalier? (*) | I123: 2) Qual (is) dos seguintes metais (é (ou são) necessário(s) para a funcionalidade ou a produção de sua empresa) e são oriundos da RDC ou um país adjacente? (*) | J123: 2) Entstammen folgende Metalle (die notwendig für die Funktionalität oder die Herstellung der Produkte Ihrer Firma sind) ursprünglich der DRC oder einem angrenzenden Land? (*) | K123: 2) Los siguientes metales ( necesarios para la funcionalidad o produccion de los productos de la compañia) son originarios de la RDC o paises limitrofes? (*) | L123: 2) I seguenti metalli (necessari per la funzionalità o per la produzione dei prodotti della Vostra società) provengono dalla Repubblica Democratica del Congo o da paesi confinanti? (*)
A124: =B124&C124 -> DeclarationB33 | B124: Declaration | C124: B33 | D124: 3) Do the following metals (necessary to the functionality or production of your products) come from a recycler or scrap supplier? (*) | E124: 3) 下列金属（对贵司产品的功能或生产有必要作用）是否来自回收或报废材料再造商？(*) | F124: ３）以下の金属（御社の製品の機能性又は生産に必要なもの）をリサイクル業者又はスクラップサプライヤーから調達していますか？(*) | G124: 3) 1)의 질문에서 답한 금속 중 재활용 이나 스크랩된 금속을 판매하는 업체로부터 구매한 것이 있습니까?(*) | H124: 3) Les métaux suivants (nécessaires au fonctionnement ou à la fabrication des produits de votre entreprise) proviennent-ils d'un fournisseur utilisant des scories ou des éléments recyclés? (*) | I124: 2) Qual (is) dos seguintes metais é (ou são) necessário(s) para a funcionalidade ou a produção de sua empresa) e são oriundos de fornecedores de reciclagem ou de sucata? (*) | J124: 3) Kommen die folgenden Metalle (die notwendig für die Funktionalität oder die Herstellung der Produkte Ihrer Firma sind) aus Recycling- oder Schrott- Bezugsquellen? (*) | K124: 3) Los siguientes metales ( necesarios para la funcionalidad o produccion de los productos de la compañia) provienen de un proveedor de reciclados o desechos? (*) | L124: 3) I seguenti metalli (necessari per la funzionalità o per la produzione dei prodotti della Vostra società) derivano da materiale di recupero o da scarti di fornitura? (*)
A125: =B125&C125 -> DeclarationB39 | B125: Declaration | C125: B39 | D125: 4) Have you received completed Conflict Minerals Reporting Templates from all of your suppliers? (*) | E125: 4) 您是否已经从您所有的供应商收到完成的矿产冲突模板？(*) | F125: ４）全サプライヤーから記入済みの紛争鉱物報告テンプレートを受け取っていますか？(*) | G125: 4) 귀사의 모든 협력사로부터 분쟁 광물 사용보고 템플릿 을 제출 받았습니까? (*) | H125: 4) Avez-vous reçu des formulaires de rapport sur les minerais de conflit complétés de la part de tous vos fournisseurs ? (*) | I125: 4) Você já recebeu Relatórios completos acerca dos Minerais Conflito de todos os seus fornecedores? (*) | J125: 4) Haben Sie von sämtlichen Ihrer Lieferanten vollständig ausgefüllte Konfliktmineralien-Fragebögen erhalten? (*) | K125: 4) Has recibido los templetes de reporte para minerales de conflicto de todos los proveedores? (*) | L125: 4) Avete ricevuto da tutti i vostri fornitori il modello di questionario relativo ai Conflict Minerals compilato? (*)
... A179: =B179&C179 -> Product ListD5 | B179: Product List | C179: D5 | D179: Comments | E179: 注释 | F179: 備考 | G179: 추가 내용 | H179: Commentaires | I179: Comentários | J179: Kommentare | K179: Comentarios | L179: Commenti

Sheet K
B1: Smelter Names | C1: Country location | D1: Common Name | E1: METAL+Alias
A2: Gold | B2: Smelter not yet identified | E2: =A2&B2 -> GoldSmelter not yet identified
A3: Gold | B3: AGR Matthey | C3: AUSTRALIA | D3: Western Australian Mint trading as The Perth Mint | E3: =A3&B3 -> GoldAGR Matthey
A4: Gold | B4: AKK | C4: JAPAN | D4: Asahi Pretec Corporation | E4: =A4&B4 -> GoldAKK
A5: Gold | B5: Aida Chemical Industries Co. Ltd. | C5: JAPAN | D5: Aida Chemical Industries Co. Ltd. | E5: =A5&B5 -> GoldAida Chemical Industries Co. Ltd.
A6: Gold | B6: Allgemeine | C6: GERMANY | D6: Allgemeine Gold- und Silberscheideanstalt A.G. | E6: =A6&B6 -> GoldAllgemeine
A7: Gold | B7: Allgemeine Gold | C7: GERMANY | D7: Allgemeine Gold- und Silberscheideanstalt A.G. | E7: =A7&B7 -> GoldAllgemeine Gold
A8: Gold | B8: Allgemeine Gold- & Silberscheideanstalt | C8: GERMANY | D8: Allgemeine Gold- und Silberscheideanstalt A.G. | E8: =A8&B8 -> GoldAllgemeine Gold- & Silberscheideanstalt
A9: Gold | B9: Allgemeine Gold- und Silberscheideanstalt A.G. | C9: GERMANY | D9: Allgemeine Gold- und Silberscheideanstalt A.G. | E9: =A9&B9 -> GoldAllgemeine Gold- und Silberscheideanstalt A.G.
A10: Gold | B10: Almalyk Mining and Metallurgical Complex (AMMC) | C10: UZBEKISTAN | D10: Almalyk Mining and Metallurgical Complex (AMMC) | E10: =A10&B10 -> GoldAlmalyk Mining and Metallurgical Complex (AMMC)
A11: Gold | B11: AngloGold Ashanti | C11: BRAZIL | D11: AngloGold Ashanti Mineração Ltda | E11: =A11&B11 -> GoldAngloGold Ashanti
A12: Gold | B12: AngloGold Ashanti Mineração Ltda | C12: BRAZIL | D12: AngloGold Ashanti Mineração Ltda | E12: =A12&B12 -> GoldAngloGold Ashanti Mineração Ltda
A13: Gold | B13: Argor Heraeus | C13: SWITZERLAND | D13: Argor-Heraeus SA | E13: =A13&B13 -> GoldArgor Heraeus
A14: Gold | B14: Argor-Heraeus SA | C14: SWITZERLAND | D14: Argor-Heraeus SA | E14: =A14&B14 -> GoldArgor-Heraeus SA
... A190: Gold | B190: Zijin Mining Group Co. Ltd | C190: CHINA | D190: Zijin Mining Group Co. Ltd | E190: =A190&B190 -> GoldZijin Mining Group Co. Ltd
A191: Gold | B191: Smelter Not Listed | E191: =A191&B191 -> GoldSmelter Not Listed
A192: Tantalum | B192: Smelter not yet identified | E192: =A192&B192 -> TantalumSmelter not yet identified
A193: Tantalum | B193: Cabot | C193: UNITED STATES | D193: Global Advanced Metals | E193: =A193&B193 -> TantalumCabot
A194: Tantalum | B194: Cabot Corporation | C194: UNITED STATES | D194: Global Advanced Metals | E194: =A194&B194 -> TantalumCabot Corporation
A195: Tantalum | B195: Cabot Supermetals | C195: UNITED STATES | D195: Global Advanced Metals | E195: =A195&B195 -> TantalumCabot Supermetals
A196: Tantalum | B196: Conghua Tantalum and Niobium Smeltry | C196: CHINA | D196: Conghua Tantalum and Niobium Smeltry | E196: =A196&B196 -> TantalumConghua Tantalum and Niobium Smeltry
A197: Tantalum | B197: Duoluoshan | C197: CHINA | D197: Duoluoshan | E197: =A197&B197 -> TantalumDuoluoshan
A198: Tantalum | B198: Duoluoshan Sapphire Rare Metal Co. Ltd | C198: CHINA | D198: Duoluoshan | E198: =A198&B198 -> TantalumDuoluoshan Sapphire Rare Metal Co. Ltd
A199: Tantalum | B199: Exotech Inc. | C199: UNITED STATES | D199: Exotech Inc. | E199: =A199&B199 -> TantalumExotech Inc.
A200: Tantalum | B200: F&X | C200: CHINA | D200: F&X | E200: =A200&B200 -> TantalumF&X
A201: Tantalum | B201: F&X Electro-Materials Limited | C201: CHINA | D201: F&X | E201: =A201&B201 -> TantalumF&X Electro-Materials Limited
A202: Tantalum | B202: Gannon & Scott | C202: UNITED STATES | D202: Gannon & Scott | E202: =A202&B202 -> TantalumGannon & Scott
A203: Tantalum | B203: Global Advanced Metals | C203: UNITED STATES | D203: Global Advanced Metals | E203: =A203&B203 -> TantalumGlobal Advanced Metals
A204: Tantalum | B204: HC Starck | C204: GERMANY | D204: H.C. Starck GmbH | E204: =A204&B204 -> TantalumHC Starck
... A235: Tantalum | B235: Zhuzhou Cemented Carbide Works Import and Export Co. | C235: CHINA | D235: Zhuzhou Cement Carbide | E235: =A235&B235 -> TantalumZhuzhou Cemented Carbide Works Import and Export Co.
A236: Tantalum | B236: Smelter Not Listed | E236: =A236&B236 -> TantalumSmelter Not Listed
A237: Tin | B237: Smelter not yet identified | E237: =A237&B237 -> TinSmelter not yet identified
A238: Tin | B238: Alpha Metals | C238: UNITED STATES | D238: Cookson | E238: =A238&B238 -> TinAlpha Metals
A239: Tin | B239: Banka Tin | C239: INDONESIA | D239: PT Timah | E239: =A239&B239 -> TinBanka Tin
A240: Tin | B240: BML | C240: INDONESIA | D240: PT BilliTin Makmur Lestari | E240: =A240&B240 -> TinBML
A241: Tin | B241: Chengfeng Metals Co Pte Ltd | C241: CHINA | D241: Yunnan Chengfeng | E241: =A241&B241 -> TinChengfeng Metals Co Pte Ltd
A242: Tin | B242: China Minmetals | C242: CHINA | D242: Minmetals Ganzhou Tin Co. Ltd. | E242: =A242&B242 -> TinChina Minmetals
A243: Tin | B243: CNMC (Guangxi) PGMA Co. Ltd. | C243: CHINA | D243: CNMC (Guangxi) PGMA Co. Ltd. | E243: =A243&B243 -> TinCNMC (Guangxi) PGMA Co. Ltd.
A244: Tin | B244: CNMC(GUANGXI)PGMA Smelting Plant | C244: CHINA | D244: CNMC (Guangxi) PGMA Co. Ltd. | E244: =A244&B244 -> TinCNMC(GUANGXI)PGMA Smelting Plant
A245: Tin | B245: Complejo Metalurico Vinto S.A. | C245: BOLIVIA | D245: EM Vinto | E245: =A245&B245 -> TinComplejo Metalurico Vinto S.A.
A246: Tin | B246: Cookson | C246: UNITED STATES | D246: Cookson | E246: =A246&B246 -> TinCookson
A247: Tin | B247: Cooper Santa | C247: BRAZIL | D247: Cooper Santa | E247: =A247&B247 -> TinCooper Santa
A248: Tin | B248: CooperMetal | C248: BRAZIL | D248: Cooper Santa | E248: =A248&B248 -> TinCooperMetal
A249: Tin | B249: CV DS Jaya Abadi | C249: INDONESIA | D249: PT Stanindo Inti Perkasa | E249: =A249&B249 -> TinCV DS Jaya Abadi
... A344: Tin | B344: Yuntinic Resources Inc. | C344: CHINA | D344: Yunnan Tin Company Limited | E344: =A344&B344 -> TinYuntinic Resources Inc.
A345: Tin | B345: Smelter Not Listed | E345: =A345&B345 -> TinSmelter Not Listed
A346: Tungsten | B346: Smelter not yet identified | E346: =A346&B346 -> TungstenSmelter not yet identified
A347: Tungsten | B347: Alldyne | C347: UNITED STATES | D347: ATI Tungsten Materials | E347: =A347&B347 -> TungstenAlldyne
A348: Tungsten | B348: Alldyne Powder Technologies | C348: UNITED STATES | D348: ATI Tungsten Materials | E348: =A348&B348 -> TungstenAlldyne Powder Technologies
A349: Tungsten | B349: A.L.M.T. Corp. | C349: JAPAN | D349: A.L.M.T. Corp. | E349: =A349&B349 -> TungstenA.L.M.T. Corp.
A350: Tungsten | B350: A.L.M.T. Tungsten Corp | C350: JAPAN | D350: A.L.M.T. Corp. | E350: =A350&B350 -> TungstenA.L.M.T. Tungsten Corp
A351: Tungsten | B351: Allied Material Corp | C351: JAPAN | D351: A.L.M.T. Corp. | E351: =A351&B351 -> TungstenAllied Material Corp
A352: Tungsten | B352: ALMT | C352: JAPAN | D352: A.L.M.T. Corp. | E352: =A352&B352 -> TungstenALMT
A353: Tungsten | B353: ATI | C353: UNITED STATES | D353: ATI Tungsten Materials | E353: =A353&B353 -> TungstenATI
A354: Tungsten | B354: ATI Firth Sterling | C354: UNITED STATES | D354: ATI Tungsten Materials | E354: =A354&B354 -> TungstenATI Firth Sterling
A355: Tungsten | B355: ATI Metals | C355: UNITED STATES | D355: ATI Tungsten Materials | E355: =A355&B355 -> TungstenATI Metals
A356: Tungsten | B356: ATI Metalworking | C356: UNITED STATES | D356: ATI Tungsten Materials | E356: =A356&B356 -> TungstenATI Metalworking
A357: Tungsten | B357: ATI Metalworking Products | C357: UNITED STATES | D357: ATI Tungsten Materials | E357: =A357&B357 -> TungstenATI Metalworking Products
A358: Tungsten | B358: ATI Tungsten Materials | C358: UNITED STATES | D358: ATI Tungsten Materials | E358: =A358&B358 -> TungstenATI Tungsten Materials
... A429: Tungsten | B429: Zhuzhou Cemented Carbide Group Co Ltd | C429: CHINA | D429: Zhuzhou Cemented Carbide Group Co Ltd | E429: =A429&B429 -> TungstenZhuzhou Cemented Carbide Group Co Ltd
A430: Tungsten | B430: Smelter Not Listed | E430: =A430&B430 -> TungstenSmelter Not Listed

Sheet C
A1: full name | B1: COUNTRY CODE LIST
A2: ALBANIA | B2: ALB
A3: ALGERIA | B3: DZA
A4: AMERICAN SAMOA | B4: ASM
A5: ANDORRA | B5: AND
A6: ANGOLA | B6: AGO
A7: ANGUILLA | B7: AIA
A8: ANTARCTICA | B8: ATA
A9: ANTIGUA AND BARBUDA | B9: ATG
A10: ARGENTINA | B10: ARG
A11: ARMENIA | B11: ARM
A12: ARUBA | B12: ABW
... A239: ZIMBABWE | B239: ZWE
